Workbook
Name FRECUENCIA: TABLAS!$B$4:$B$7
Name SEVERIDAD: TABLAS!$C$4:$C$7
Name TIPO: [1]TABLAS!$I$4:$I$6
Name TIPO: [1]TABLAS!$I$4:$I$6
Name TIPO: [1]TABLAS!$I$4:$I$6
Name TIPO: TABLAS!$I$4:$I$6
Name ZONA_DE_RIESGO: TABLAS!$D$4:$D$7

Sheet FORMATO MATRIZ RIESGOS OK
C1: OBJETIVO DEL PROCESO:
A2: PROCESO | B2: CÓDIGO | C2: IDENTIFICACIÓN DE RIESGOS | G2: RIESGO INHERENTE | K2: CONTROLES EXISTENTES (BARRERAS) | L2: DISEÑO DEL CONTROL | V2: EJECUCIÓN DEL CONTROL | W2: RESULTADO DE EVALUACIÓN DE CONTROLES | AE2: CALIFICACIÓN DEL RIESGO DESPUÉS DE CONTROLES | AH2: RIESGO RESIDUAL | AJ2: NIVEL DE RIESGO DEL PROCESO | AK2: PLAN DE TRATAMIENTO DE RIESGOS
C3: RIESGO - DESCRIPCIÓN | D3: TIPO DE RIESGO | E3: CAUSAS | F3: CONSECUENCIAS (IMPACTO) | G3: PROBABILIDAD | H3: IMPACTO | I3: NIVEL DE RIESGO | J3: ZONA DE RIESGO | L3: ASIGNACIÓN DE RESPONSABLE PARA LA EJECUCIÓN DEL CONTROL | M3: SEGREGACIÓN Y AUTORIDAD DEL RESPONSABLE | N3: PERIODICIDAD EN LA EJECUCIÓN | O3: PROPÓSITO DEL CONTROL (DETECTIVO O PREVENTIVO) | P3: COMO SE REALIZA LA ACTIVIDAD DE CONTROL | Q3: QUE PASA CON LAS OBSERVACIONES O DESVIACIONES | R3: EVIDENCIA DE LA EJECUCIÓN DEL CONTROL | S3: SUMATORIA DISEÑO | T3: RESULTADO EVALUACIÓN DEL CONTROL | U3: PESO DEL R/ DISEÑO DEL CONTROL | V3: CALIFICACIÓN DE LA EJECUCIÓN DEL CONTROL FUERTE 100 CONSISTENTE MODERADO: 50 ALGUNAS VECES DÉBIL 0 NO SE EJECUTA | W3: SOLIDEZ INDIVIDUAL DEL CONTROL | X3: REQUIERE ACCIONES DE MEJORA | Y3: SOLIDEZ DEL CONJUNTO DE CONTROLES FUERTE 100 MODERADO 50 A 99 DEBIL MENOR A 50 | Z3: DISMINUYE PROBABILIDAD SI LA SOLIDEZ DE CONJUNTO ES DEBIL NO DOSIMINUYE | AA3: DISMINUYE IMPACTO SI LA SOLIDEZ DE CONJUNTO ES DEBIL NO DOSIMINUYE | AC3: DESPLAZAMIENTO EN EJE DE PROBABILIDAD | AD3: DESPLAZAMIENTO EN EJE DE IMPACTO | AE3: PROBABILIDAD | AF3: IMPACTO | AI3: OPCIÓN DE MANEJO | AK3: ACTIVIDAD DE CONTROL | AL3: SOPORTE | AM3: RESPONSABLE | AN3: TIEMPO / FECHA DE EJECUCIÓN | AO3: INDICADOR
B4: 1 | I4: =CONCATENATE(G4,H4) | J4: =VLOOKUP(I4,REFERENCIAS!$L$12:$M$36,2,FALSE) -> #N/A | S4: =SUM(L4:R4) -> 0 | T4: =CONCATENATE(U4,V4) -> DÉBIL | U4: =IF(S4<86,"DÉBIL",IF(S4<96,"MODERADO","FUERTE")) -> DÉBIL | W4: =VLOOKUP(T4,REFERENCIAS!$R$12:$S$20,2,FALSE) -> #N/A | X4: =IF(W4=100,"NO","SI") -> #N/A | Y4: =IF(AVERAGE(W4:W13)<50,"DÉBIL",IF(AVERAGE(W4:W13)<100,"MODERADO","FUERTE")) -> #N/A | AB4: =CONCATENATE(Y4,Z4,AA4) -> #N/A | AC4: =VLOOKUP(AB4,REFERENCIAS!$X$11:$Z$19,2,FALSE) -> #N/A | AD4: =VLOOKUP(AB4,REFERENCIAS!$X$11:$Z$19,3,FALSE) -> #N/A | AE4: =IF(G4-AC4<1,1,G4-AC4) -> #N/A | AF4: =IF(H4-AD4<1,1,H4-AD4) -> #N/A | AG4: =CONCATENATE(AE4,AF4) -> #N/A | AH4: =VLOOKUP(AG4,REFERENCIAS!$L$12:$M$36,2,FALSE) -> #N/A
S5: =SUM(L5:R5) -> 0 | T5: =CONCATENATE(U5,V5) -> DÉBIL | U5: =IF(S5<86,"DÉBIL",IF(S5<96,"MODERADO","FUERTE")) -> DÉBIL | W5: =VLOOKUP(T5,REFERENCIAS!$R$12:$S$20,2,FALSE) -> #N/A | X5: =IF(W5=100,"NO","SI") -> #N/A
S6: =SUM(L6:R6) -> 0 | T6: =CONCATENATE(U6,V6) -> DÉBIL | U6: =IF(S6<86,"DÉBIL",IF(S6<96,"MODERADO","FUERTE")) -> DÉBIL | W6: =VLOOKUP(T6,REFERENCIAS!$R$12:$S$20,2,FALSE) -> #N/A | X6: =IF(W6=100,"NO","SI") -> #N/A
S7: =SUM(L7:R7) -> 0 | T7: =CONCATENATE(U7,V7) -> DÉBIL | U7: =IF(S7<86,"DÉBIL",IF(S7<96,"MODERADO","FUERTE")) -> DÉBIL | W7: =VLOOKUP(T7,REFERENCIAS!$R$12:$S$20,2,FALSE) -> #N/A | X7: =IF(W7=100,"NO","SI") -> #N/A
S8: =SUM(L8:R8) -> 0 | T8: =CONCATENATE(U8,V8) -> DÉBIL | U8: =IF(S8<86,"DÉBIL",IF(S8<96,"MODERADO","FUERTE")) -> DÉBIL | W8: =VLOOKUP(T8,REFERENCIAS!$R$12:$S$20,2,FALSE) -> #N/A | X8: =IF(W8=100,"NO","SI") -> #N/A
S9: =SUM(L9:R9) -> 0 | T9: =CONCATENATE(U9,V9) -> DÉBIL | U9: =IF(S9<86,"DÉBIL",IF(S9<96,"MODERADO","FUERTE")) -> DÉBIL | W9: =VLOOKUP(T9,REFERENCIAS!$R$12:$S$20,2,FALSE) -> #N/A | X9: =IF(W9=100,"NO","SI") -> #N/A
S10: =SUM(L10:R10) -> 0 | T10: =CONCATENATE(U10,V10) -> DÉBIL | U10: =IF(S10<86,"DÉBIL",IF(S10<96,"MODERADO","FUERTE")) -> DÉBIL | W10: =VLOOKUP(T10,REFERENCIAS!$R$12:$S$20,2,FALSE) -> #N/A | X10: =IF(W10=100,"NO","SI") -> #N/A
S11: =SUM(L11:R11) -> 0 | T11: =CONCATENATE(U11,V11) -> DÉBIL | U11: =IF(S11<86,"DÉBIL",IF(S11<96,"MODERADO","FUERTE")) -> DÉBIL | W11: =VLOOKUP(T11,REFERENCIAS!$R$12:$S$20,2,FALSE) -> #N/A | X11: =IF(W11=100,"NO","SI") -> #N/A
S12: =SUM(L12:R12) -> 0 | T12: =CONCATENATE(U12,V12) -> DÉBIL | U12: =IF(S12<86,"DÉBIL",IF(S12<96,"MODERADO","FUERTE")) -> DÉBIL | W12: =VLOOKUP(T12,REFERENCIAS!$R$12:$S$20,2,FALSE) -> #N/A | X12: =IF(W12=100,"NO","SI") -> #N/A
S13: =SUM(L13:R13) -> 0 | T13: =CONCATENATE(U13,V13) -> DÉBIL | U13: =IF(S13<86,"DÉBIL",IF(S13<96,"MODERADO","FUERTE")) -> DÉBIL | W13: =VLOOKUP(T13,REFERENCIAS!$R$12:$S$20,2,FALSE) -> #N/A | X13: =IF(W13=100,"NO","SI") -> #N/A
B14: 2 | I14: =CONCATENATE(G14,H14) | J14: =VLOOKUP(I14,REFERENCIAS!$L$12:$M$36,2,FALSE) -> #N/A | S14: =SUM(L14:R14) -> 0 | T14: =CONCATENATE(U14,V14) -> DÉBIL | U14: =IF(S14<86,"DÉBIL",IF(S14<96,"MODERADO","FUERTE")) -> DÉBIL | W14: =VLOOKUP(T14,REFERENCIAS!$R$12:$S$20,2,FALSE) -> #N/A | X14: =IF(W14=100,"NO","SI") -> #N/A | Y14: =IF(AVERAGE(W14:W23)<50,"DÉBIL",IF(AVERAGE(W14:W23)<100,"MODERADO","FUERTE")) -> #N/A | AB14: =CONCATENATE(Y14,Z14,AA14) -> #N/A | AC14: =VLOOKUP(AB14,REFERENCIAS!$X$11:$Z$19,2,FALSE) -> #N/A | AD14: =VLOOKUP(AB14,REFERENCIAS!$X$11:$Z$19,3,FALSE) -> #N/A | AE14: =IF(G14-AC14<1,1,G14-AC14) -> #N/A | AF14: =IF(H14-AD14<1,1,H14-AD14) -> #N/A | AG14: =CONCATENATE(AE14,AF14) -> #N/A | AH14: =VLOOKUP(AG14,REFERENCIAS!$L$12:$M$36,2,FALSE) -> #N/A
S15: =SUM(L15:R15) -> 0 | T15: =CONCATENATE(U15,V15) -> DÉBIL | U15: =IF(S15<86,"DÉBIL",IF(S15<96,"MODERADO","FUERTE")) -> DÉBIL | W15: =VLOOKUP(T15,REFERENCIAS!$R$12:$S$20,2,FALSE) -> #N/A | X15: =IF(W15=100,"NO","SI") -> #N/A
S16: =SUM(L16:R16) -> 0 | T16: =CONCATENATE(U16,V16) -> DÉBIL | U16: =IF(S16<86,"DÉBIL",IF(S16<96,"MODERADO","FUERTE")) -> DÉBIL | W16: =VLOOKUP(T16,REFERENCIAS!$R$12:$S$20,2,FALSE) -> #N/A | X16: =IF(W16=100,"NO","SI") -> #N/A
S17: =SUM(L17:R17) -> 0 | T17: =CONCATENATE(U17,V17) -> DÉBIL | U17: =IF(S17<86,"DÉBIL",IF(S17<96,"MODERADO","FUERTE")) -> DÉBIL | W17: =VLOOKUP(T17,REFERENCIAS!$R$12:$S$20,2,FALSE) -> #N/A | X17: =IF(W17=100,"NO","SI") -> #N/A
S18: =SUM(L18:R18) -> 0 | T18: =CONCATENATE(U18,V18) -> DÉBIL | U18: =IF(S18<86,"DÉBIL",IF(S18<96,"MODERADO","FUERTE")) -> DÉBIL | W18: =VLOOKUP(T18,REFERENCIAS!$R$12:$S$20,2,FALSE) -> #N/A | X18: =IF(W18=100,"NO","SI") -> #N/A
S19: =SUM(L19:R19) -> 0 | T19: =CONCATENATE(U19,V19) -> DÉBIL | U19: =IF(S19<86,"DÉBIL",IF(S19<96,"MODERADO","FUERTE")) -> DÉBIL | W19: =VLOOKUP(T19,REFERENCIAS!$R$12:$S$20,2,FALSE) -> #N/A | X19: =IF(W19=100,"NO","SI") -> #N/A
S20: =SUM(L20:R20) -> 0 | T20: =CONCATENATE(U20,V20) -> DÉBIL | U20: =IF(S20<86,"DÉBIL",IF(S20<96,"MODERADO","FUERTE")) -> DÉBIL | W20: =VLOOKUP(T20,REFERENCIAS!$R$12:$S$20,2,FALSE) -> #N/A | X20: =IF(W20=100,"NO","SI") -> #N/A
S21: =SUM(L21:R21) -> 0 | T21: =CONCATENATE(U21,V21) -> DÉBIL | U21: =IF(S21<86,"DÉBIL",IF(S21<96,"MODERADO","FUERTE")) -> DÉBIL | W21: =VLOOKUP(T21,REFERENCIAS!$R$12:$S$20,2,FALSE) -> #N/A | X21: =IF(W21=100,"NO","SI") -> #N/A
S22: =SUM(L22:R22) -> 0 | T22: =CONCATENATE(U22,V22) -> DÉBIL | U22: =IF(S22<86,"DÉBIL",IF(S22<96,"MODERADO","FUERTE")) -> DÉBIL | W22: =VLOOKUP(T22,REFERENCIAS!$R$12:$S$20,2,FALSE) -> #N/A | X22: =IF(W22=100,"NO","SI") -> #N/A
S23: =SUM(L23:R23) -> 0 | T23: =CONCATENATE(U23,V23) -> DÉBIL | U23: =IF(S23<86,"DÉBIL",IF(S23<96,"MODERADO","FUERTE")) -> DÉBIL | W23: =VLOOKUP(T23,REFERENCIAS!$R$12:$S$20,2,FALSE) -> #N/A | X23: =IF(W23=100,"NO","SI") -> #N/A
B24: 3 | I24: =CONCATENATE(G24,H24) | J24: =VLOOKUP(I24,REFERENCIAS!$L$12:$M$36,2,FALSE) -> #N/A | S24: =SUM(L24:R24) -> 0 | T24: =CONCATENATE(U24,V24) -> DÉBIL | U24: =IF(S24<86,"DÉBIL",IF(S24<96,"MODERADO","FUERTE")) -> DÉBIL | W24: =VLOOKUP(T24,REFERENCIAS!$R$12:$S$20,2,FALSE) -> #N/A | X24: =IF(W24=100,"NO","SI") -> #N/A | Y24: =IF(AVERAGE(W24:W33)<50,"DÉBIL",IF(AVERAGE(W24:W33)<100,"MODERADO","FUERTE")) -> #N/A | AB24: =CONCATENATE(Y24,Z24,AA24) -> #N/A | AC24: =VLOOKUP(AB24,REFERENCIAS!$X$11:$Z$19,2,FALSE) -> #N/A | AD24: =VLOOKUP(AB24,REFERENCIAS!$X$11:$Z$19,3,FALSE) -> #N/A | AE24: =IF(G24-AC24<1,1,G24-AC24) -> #N/A | AF24: =IF(H24-AD24<1,1,H24-AD24) -> #N/A | AG24: =CONCATENATE(AE24,AF24) -> #N/A | AH24: =VLOOKUP(AG24,REFERENCIAS!$L$12:$M$36,2,FALSE) -> #N/A
S25: =SUM(L25:R25) -> 0 | T25: =CONCATENATE(U25,V25) -> DÉBIL | U25: =IF(S25<86,"DÉBIL",IF(S25<96,"MODERADO","FUERTE")) -> DÉBIL | W25: =VLOOKUP(T25,REFERENCIAS!$R$12:$S$20,2,FALSE) -> #N/A | X25: =IF(W25=100,"NO","SI") -> #N/A
S26: =SUM(L26:R26) -> 0 | T26: =CONCATENATE(U26,V26) -> DÉBIL | U26: =IF(S26<86,"DÉBIL",IF(S26<96,"MODERADO","FUERTE")) -> DÉBIL | W26: =VLOOKUP(T26,REFERENCIAS!$R$12:$S$20,2,FALSE) -> #N/A | X26: =IF(W26=100,"NO","SI") -> #N/A
S27: =SUM(L27:R27) -> 0 | T27: =CONCATENATE(U27,V27) -> DÉBIL | U27: =IF(S27<86,"DÉBIL",IF(S27<96,"MODERADO","FUERTE")) -> DÉBIL | W27: =VLOOKUP(T27,REFERENCIAS!$R$12:$S$20,2,FALSE) -> #N/A | X27: =IF(W27=100,"NO","SI") -> #N/A
S28: =SUM(L28:R28) -> 0 | T28: =CONCATENATE(U28,V28) -> DÉBIL | U28: =IF(S28<86,"DÉBIL",IF(S28<96,"MODERADO","FUERTE")) -> DÉBIL | W28: =VLOOKUP(T28,REFERENCIAS!$R$12:$S$20,2,FALSE) -> #N/A | X28: =IF(W28=100,"NO","SI") -> #N/A
S29: =SUM(L29:R29) -> 0 | T29: =CONCATENATE(U29,V29) -> DÉBIL | U29: =IF(S29<86,"DÉBIL",IF(S29<96,"MODERADO","FUERTE")) -> DÉBIL | W29: =VLOOKUP(T29,REFERENCIAS!$R$12:$S$20,2,FALSE) -> #N/A | X29: =IF(W29=100,"NO","SI") -> #N/A
S30: =SUM(L30:R30) -> 0 | T30: =CONCATENATE(U30,V30) -> DÉBIL | U30: =IF(S30<86,"DÉBIL",IF(S30<96,"MODERADO","FUERTE")) -> DÉBIL | W30: =VLOOKUP(T30,REFERENCIAS!$R$12:$S$20,2,FALSE) -> #N/A | X30: =IF(W30=100,"NO","SI") -> #N/A
S31: =SUM(L31:R31) -> 0 | T31: =CONCATENATE(U31,V31) -> DÉBIL | U31: =IF(S31<86,"DÉBIL",IF(S31<96,"MODERADO","FUERTE")) -> DÉBIL | W31: =VLOOKUP(T31,REFERENCIAS!$R$12:$S$20,2,FALSE) -> #N/A | X31: =IF(W31=100,"NO","SI") -> #N/A
S32: =SUM(L32:R32) -> 0 | T32: =CONCATENATE(U32,V32) -> DÉBIL | U32: =IF(S32<86,"DÉBIL",IF(S32<96,"MODERADO","FUERTE")) -> DÉBIL | W32: =VLOOKUP(T32,REFERENCIAS!$R$12:$S$20,2,FALSE) -> #N/A | X32: =IF(W32=100,"NO","SI") -> #N/A
S33: =SUM(L33:R33) -> 0 | T33: =CONCATENATE(U33,V33) -> DÉBIL | U33: =IF(S33<86,"DÉBIL",IF(S33<96,"MODERADO","FUERTE")) -> DÉBIL | W33: =VLOOKUP(T33,REFERENCIAS!$R$12:$S$20,2,FALSE) -> #N/A | X33: =IF(W33=100,"NO","SI") -> #N/A
B34: 4 | I34: =CONCATENATE(G34,H34) | J34: =VLOOKUP(I34,REFERENCIAS!$L$12:$M$36,2,FALSE) -> #N/A | S34: =SUM(L34:R34) -> 0 | T34: =CONCATENATE(U34,V34) -> DÉBIL | U34: =IF(S34<86,"DÉBIL",IF(S34<96,"MODERADO","FUERTE")) -> DÉBIL | W34: =VLOOKUP(T34,REFERENCIAS!$R$12:$S$20,2,FALSE) -> #N/A | X34: =IF(W34=100,"NO","SI") -> #N/A | Y34: =IF(AVERAGE(W34:W43)<50,"DÉBIL",IF(AVERAGE(W34:W43)<100,"MODERADO","FUERTE")) -> #N/A | AB34: =CONCATENATE(Y34,Z34,AA34) -> #N/A | AC34: =VLOOKUP(AB34,REFERENCIAS!$X$11:$Z$19,2,FALSE) -> #N/A | AD34: =VLOOKUP(AB34,REFERENCIAS!$X$11:$Z$19,3,FALSE) -> #N/A | AE34: =IF(G34-AC34<1,1,G34-AC34) -> #N/A | AF34: =IF(H34-AD34<1,1,H34-AD34) -> #N/A | AG34: =CONCATENATE(AE34,AF34) -> #N/A | AH34: =VLOOKUP(AG34,REFERENCIAS!$L$12:$M$36,2,FALSE) -> #N/A
S35: =SUM(L35:R35) -> 0 | T35: =CONCATENATE(U35,V35) -> DÉBIL | U35: =IF(S35<86,"DÉBIL",IF(S35<96,"MODERADO","FUERTE")) -> DÉBIL | W35: =VLOOKUP(T35,REFERENCIAS!$R$12:$S$20,2,FALSE) -> #N/A | X35: =IF(W35=100,"NO","SI") -> #N/A
S36: =SUM(L36:R36) -> 0 | T36: =CONCATENATE(U36,V36) -> DÉBIL | U36: =IF(S36<86,"DÉBIL",IF(S36<96,"MODERADO","FUERTE")) -> DÉBIL | W36: =VLOOKUP(T36,REFERENCIAS!$R$12:$S$20,2,FALSE) -> #N/A | X36: =IF(W36=100,"NO","SI") -> #N/A
S37: =SUM(L37:R37) -> 0 | T37: =CONCATENATE(U37,V37) -> DÉBIL | U37: =IF(S37<86,"DÉBIL",IF(S37<96,"MODERADO","FUERTE")) -> DÉBIL | W37: =VLOOKUP(T37,REFERENCIAS!$R$12:$S$20,2,FALSE) -> #N/A | X37: =IF(W37=100,"NO","SI") -> #N/A
S38: =SUM(L38:R38) -> 0 | T38: =CONCATENATE(U38,V38) -> DÉBIL | U38: =IF(S38<86,"DÉBIL",IF(S38<96,"MODERADO","FUERTE")) -> DÉBIL | W38: =VLOOKUP(T38,REFERENCIAS!$R$12:$S$20,2,FALSE) -> #N/A | X38: =IF(W38=100,"NO","SI") -> #N/A
S39: =SUM(L39:R39) -> 0 | T39: =CONCATENATE(U39,V39) -> DÉBIL | U39: =IF(S39<86,"DÉBIL",IF(S39<96,"MODERADO","FUERTE")) -> DÉBIL | W39: =VLOOKUP(T39,REFERENCIAS!$R$12:$S$20,2,FALSE) -> #N/A | X39: =IF(W39=100,"NO","SI") -> #N/A
S40: =SUM(L40:R40) -> 0 | T40: =CONCATENATE(U40,V40) -> DÉBIL | U40: =IF(S40<86,"DÉBIL",IF(S40<96,"MODERADO","FUERTE")) -> DÉBIL | W40: =VLOOKUP(T40,REFERENCIAS!$R$12:$S$20,2,FALSE) -> #N/A | X40: =IF(W40=100,"NO","SI") -> #N/A
S41: =SUM(L41:R41) -> 0 | T41: =CONCATENATE(U41,V41) -> DÉBIL | U41: =IF(S41<86,"DÉBIL",IF(S41<96,"MODERADO","FUERTE")) -> DÉBIL | W41: =VLOOKUP(T41,REFERENCIAS!$R$12:$S$20,2,FALSE) -> #N/A | X41: =IF(W41=100,"NO","SI") -> #N/A
S42: =SUM(L42:R42) -> 0 | T42: =CONCATENATE(U42,V42) -> DÉBIL | U42: =IF(S42<86,"DÉBIL",IF(S42<96,"MODERADO","FUERTE")) -> DÉBIL | W42: =VLOOKUP(T42,REFERENCIAS!$R$12:$S$20,2,FALSE) -> #N/A | X42: =IF(W42=100,"NO","SI") -> #N/A
S43: =SUM(L43:R43) -> 0 | T43: =CONCATENATE(U43,V43) -> DÉBIL | U43: =IF(S43<86,"DÉBIL",IF(S43<96,"MODERADO","FUERTE")) -> DÉBIL | W43: =VLOOKUP(T43,REFERENCIAS!$R$12:$S$20,2,FALSE) -> #N/A | X43: =IF(W43=100,"NO","SI") -> #N/A
B44: 5 | I44: =CONCATENATE(G44,H44) | J44: =VLOOKUP(I44,REFERENCIAS!$L$12:$M$36,2,FALSE) -> #N/A | S44: =SUM(L44:R44) -> 0 | T44: =CONCATENATE(U44,V44) -> DÉBIL | U44: =IF(S44<86,"DÉBIL",IF(S44<96,"MODERADO","FUERTE")) -> DÉBIL | W44: =VLOOKUP(T44,REFERENCIAS!$R$12:$S$20,2,FALSE) -> #N/A | X44: =IF(W44=100,"NO","SI") -> #N/A | Y44: =IF(AVERAGE(W44:W53)<50,"DÉBIL",IF(AVERAGE(W44:W53)<100,"MODERADO","FUERTE")) -> #N/A | AB44: =CONCATENATE(Y44,Z44,AA44) -> #N/A | AC44: =VLOOKUP(AB44,REFERENCIAS!$X$11:$Z$19,2,FALSE) -> #N/A | AD44: =VLOOKUP(AB44,REFERENCIAS!$X$11:$Z$19,3,FALSE) -> #N/A | AE44: =IF(G44-AC44<1,1,G44-AC44) -> #N/A | AF44: =IF(H44-AD44<1,1,H44-AD44) -> #N/A | AG44: =CONCATENATE(AE44,AF44) -> #N/A | AH44: =VLOOKUP(AG44,REFERENCIAS!$L$12:$M$36,2,FALSE) -> #N/A
S45: =SUM(L45:R45) -> 0 | T45: =CONCATENATE(U45,V45) -> DÉBIL | U45: =IF(S45<86,"DÉBIL",IF(S45<96,"MODERADO","FUERTE")) -> DÉBIL | W45: =VLOOKUP(T45,REFERENCIAS!$R$12:$S$20,2,FALSE) -> #N/A | X45: =IF(W45=100,"NO","SI") -> #N/A
S46: =SUM(L46:R46) -> 0 | T46: =CONCATENATE(U46,V46) -> DÉBIL | U46: =IF(S46<86,"DÉBIL",IF(S46<96,"MODERADO","FUERTE")) -> DÉBIL | W46: =VLOOKUP(T46,REFERENCIAS!$R$12:$S$20,2,FALSE) -> #N/A | X46: =IF(W46=100,"NO","SI") -> #N/A
S47: =SUM(L47:R47) -> 0 | T47: =CONCATENATE(U47,V47) -> DÉBIL | U47: =IF(S47<86,"DÉBIL",IF(S47<96,"MODERADO","FUERTE")) -> DÉBIL | W47: =VLOOKUP(T47,REFERENCIAS!$R$12:$S$20,2,FALSE) -> #N/A | X47: =IF(W47=100,"NO","SI") -> #N/A
S48: =SUM(L48:R48) -> 0 | T48: =CONCATENATE(U48,V48) -> DÉBIL | U48: =IF(S48<86,"DÉBIL",IF(S48<96,"MODERADO","FUERTE")) -> DÉBIL | W48: =VLOOKUP(T48,REFERENCIAS!$R$12:$S$20,2,FALSE) -> #N/A | X48: =IF(W48=100,"NO","SI") -> #N/A
S49: =SUM(L49:R49) -> 0 | T49: =CONCATENATE(U49,V49) -> DÉBIL | U49: =IF(S49<86,"DÉBIL",IF(S49<96,"MODERADO","FUERTE")) -> DÉBIL | W49: =VLOOKUP(T49,REFERENCIAS!$R$12:$S$20,2,FALSE) -> #N/A | X49: =IF(W49=100,"NO","SI") -> #N/A
S50: =SUM(L50:R50) -> 0 | T50: =CONCATENATE(U50,V50) -> DÉBIL | U50: =IF(S50<86,"DÉBIL",IF(S50<96,"MODERADO","FUERTE")) -> DÉBIL | W50: =VLOOKUP(T50,REFERENCIAS!$R$12:$S$20,2,FALSE) -> #N/A | X50: =IF(W50=100,"NO","SI") -> #N/A
S51: =SUM(L51:R51) -> 0 | T51: =CONCATENATE(U51,V51) -> DÉBIL | U51: =IF(S51<86,"DÉBIL",IF(S51<96,"MODERADO","FUERTE")) -> DÉBIL | W51: =VLOOKUP(T51,REFERENCIAS!$R$12:$S$20,2,FALSE) -> #N/A | X51: =IF(W51=100,"NO","SI") -> #N/A
S52: =SUM(L52:R52) -> 0 | T52: =CONCATENATE(U52,V52) -> DÉBIL | U52: =IF(S52<86,"DÉBIL",IF(S52<96,"MODERADO","FUERTE")) -> DÉBIL | W52: =VLOOKUP(T52,REFERENCIAS!$R$12:$S$20,2,FALSE) -> #N/A | X52: =IF(W52=100,"NO","SI") -> #N/A
S53: =SUM(L53:R53) -> 0 | T53: =CONCATENATE(U53,V53) -> DÉBIL | U53: =IF(S53<86,"DÉBIL",IF(S53<96,"MODERADO","FUERTE")) -> DÉBIL | W53: =VLOOKUP(T53,REFERENCIAS!$R$12:$S$20,2,FALSE) -> #N/A | X53: =IF(W53=100,"NO","SI") -> #N/A
B54: 7 | I54: =+G54*H54 -> 0 | J54: =VLOOKUP(I54,[1]TABLAS!$E$4:$F$13,2,FALSE) -> #N/A | AE54: =IF(#REF!="","",IF(AND(#REF!<G54,G54>2),G54-#REF!,IF(AND(OR(#REF!=2,#REF!=1),G54=2),G54-1,G54))) -> #REF! | AF54: =IF(#REF!="","",IF(#REF!<H54,H54-#REF!,H54)) -> #REF! | AH54: =VLOOKUP(#REF!,[1]TABLAS!$E$4:$F$13,2,FALSE) -> #REF!
B64: 8 | I64: =+G64*H64 -> 0 | J64: =VLOOKUP(I64,[1]TABLAS!$E$4:$F$13,2,FALSE) -> #N/A | AE64: =IF(#REF!="","",IF(AND(#REF!<G64,G64>2),G64-#REF!,IF(AND(OR(#REF!=2,#REF!=1),G64=2),G64-1,G64))) -> #REF! | AF64: =IF(#REF!="","",IF(#REF!<H64,H64-#REF!,H64)) -> #REF! | AH64: =VLOOKUP(#REF!,[1]TABLAS!$E$4:$F$13,2,FALSE) -> #REF!
B74: 9 | I74: =+G74*H74 -> 0 | J74: =VLOOKUP(I74,[1]TABLAS!$E$4:$F$13,2,FALSE) -> #N/A | AE74: =IF(#REF!="","",IF(AND(#REF!<G74,G74>2),G74-#REF!,IF(AND(OR(#REF!=2,#REF!=1),G74=2),G74-1,G74))) -> #REF! | AF74: =IF(#REF!="","",IF(#REF!<H74,H74-#REF!,H74)) -> #REF! | AH74: =VLOOKUP(#REF!,[1]TABLAS!$E$4:$F$13,2,FALSE) -> #REF!
B84: 10 | I84: =+G84*H84 -> 0 | J84: =VLOOKUP(I84,[1]TABLAS!$E$4:$F$13,2,FALSE) -> #N/A | AE84: =IF(#REF!="","",IF(AND(#REF!<G84,G84>2),G84-#REF!,IF(AND(OR(#REF!=2,#REF!=1),G84=2),G84-1,G84))) -> #REF! | AF84: =IF(#REF!="","",IF(#REF!<H84,H84-#REF!,H84)) -> #REF! | AH84: =VLOOKUP(#REF!,[1]TABLAS!$E$4:$F$13,2,FALSE) -> #REF!
B94: 11 | I94: =+G94*H94 -> 0 | J94: =VLOOKUP(I94,[1]TABLAS!$E$4:$F$13,2,FALSE) -> #N/A | AE94: =IF(#REF!="","",IF(AND(#REF!<G94,G94>2),G94-#REF!,IF(AND(OR(#REF!=2,#REF!=1),G94=2),G94-1,G94))) -> #REF! | AF94: =IF(#REF!="","",IF(#REF!<H94,H94-#REF!,H94)) -> #REF! | AH94: =VLOOKUP(#REF!,[1]TABLAS!$E$4:$F$13,2,FALSE) -> #REF!
B104: 12 | I104: =+G104*H104 -> 0 | J104: =VLOOKUP(I104,[1]TABLAS!$E$4:$F$13,2,FALSE) -> #N/A | AE104: =IF(#REF!="","",IF(AND(#REF!<G104,G104>2),G104-#REF!,IF(AND(OR(#REF!=2,#REF!=1),G104=2),G104-1,G104))) -> #REF! | AF104: =IF(#REF!="","",IF(#REF!<H104,H104-#REF!,H104)) -> #REF! | AH104: =VLOOKUP(#REF!,[1]TABLAS!$E$4:$F$13,2,FALSE) -> #REF!
B114: 13 | I114: =+G114*H114 -> 0 | J114: =VLOOKUP(I114,[1]TABLAS!$E$4:$F$13,2,FALSE) -> #N/A | AE114: =IF(#REF!="","",IF(AND(#REF!<G114,G114>2),G114-#REF!,IF(AND(OR(#REF!=2,#REF!=1),G114=2),G114-1,G114))) -> #REF! | AF114: =IF(#REF!="","",IF(#REF!<H114,H114-#REF!,H114)) -> #REF! | AH114: =VLOOKUP(#REF!,[1]TABLAS!$E$4:$F$13,2,FALSE) -> #REF!
B124: 14 | I124: =+G124*H124 -> 0 | J124: =VLOOKUP(I124,[1]TABLAS!$E$4:$F$13,2,FALSE) -> #N/A | AE124: =IF(#REF!="","",IF(AND(#REF!<G124,G124>2),G124-#REF!,IF(AND(OR(#REF!=2,#REF!=1),G124=2),G124-1,G124))) -> #REF! | AF124: =IF(#REF!="","",IF(#REF!<H124,H124-#REF!,H124)) -> #REF! | AH124: =VLOOKUP(#REF!,[1]TABLAS!$E$4:$F$13,2,FALSE) -> #REF!
B134: 15 | I134: =+G134*H134 -> 0 | J134: =VLOOKUP(I134,[1]TABLAS!$E$4:$F$13,2,FALSE) -> #N/A | AE134: =IF(#REF!="","",IF(AND(#REF!<G134,G134>2),G134-#REF!,IF(AND(OR(#REF!=2,#REF!=1),G134=2),G134-1,G134))) -> #REF! | AF134: =IF(#REF!="","",IF(#REF!<H134,H134-#REF!,H134)) -> #REF! | AH134: =VLOOKUP(#REF!,[1]TABLAS!$E$4:$F$13,2,FALSE) -> #REF!
B144: 16 | I144: =+G144*H144 -> 0 | J144: =VLOOKUP(I144,[1]TABLAS!$E$4:$F$13,2,FALSE) -> #N/A | AE144: =IF(#REF!="","",IF(AND(#REF!<G144,G144>2),G144-#REF!,IF(AND(OR(#REF!=2,#REF!=1),G144=2),G144-1,G144))) -> #REF! | AF144: =IF(#REF!="","",IF(#REF!<H144,H144-#REF!,H144)) -> #REF! | AH144: =VLOOKUP(#REF!,[1]TABLAS!$E$4:$F$13,2,FALSE) -> #REF!
B154: 17 | I154: =+G154*H154 -> 0 | J154: =VLOOKUP(I154,[1]TABLAS!$E$4:$F$13,2,FALSE) -> #N/A | AE154: =IF(#REF!="","",IF(AND(#REF!<G154,G154>2),G154-#REF!,IF(AND(OR(#REF!=2,#REF!=1),G154=2),G154-1,G154))) -> #REF! | AF154: =IF(#REF!="","",IF(#REF!<H154,H154-#REF!,H154)) -> #REF! | AH154: =VLOOKUP(#REF!,[1]TABLAS!$E$4:$F$13,2,FALSE) -> #REF!

Sheet TABLAS
B4: 1 | C4: 5 | D4: CATASTRÓFICO | E4: 5 | F4: BAJO | I4: PREVENTIVO
B5: 2 | C5: 4 | D5: MAYOR | E5: 10 | F5: MEDIO (MODERADO) | I5: CORRECTIVO
B6: 3 | C6: 3 | D6: MODERADO | E6: 15 | F6: MEDIO (MODERADO) | I6: DETECTIVO
B7: 4 | E7: 20 | F7: MEDIO (MODERADO)
B8: 5 | E8: 30 | F8: ALTO (MAYOR)
E9: 40 | F9: ALTO (MAYOR)
E10: 60 | F10: ALTO (MAYOR)
E11: 80 | F11: MUY ALTO (CATASTRÓFICO)
E12: 120 | F12: MUY ALTO (CATASTRÓFICO)
E13: 160 | F13: MUY ALTO (CATASTRÓFICO)
C17: 5 | D17: CATASTRÓFICO
C18: 4 | D18: MAYOR
C19: 3 | D19: MODERADO
C20: 2 | D20: MENOR
C21: 1 | D21: INSIGNIFICANTE

Sheet REFERENCIAS
B3: frecuencia | J3: f | K3: im | R3: Económico
B4: 5 | C4: =$B4*C$9 -> 5 | D4: =$B4*D$9 -> 10 | E4: =$B4*E$9 -> 15 | F4: =$B4*F$9 -> 20 | G4: =$B4*G$9 -> 25 | J4: 1 | K4: 1 | M4: =IF(J4=1,IF(K4=1,"bajo",IF(J4=1,IF(K4=2,"bajo", IF(J4=1,IF(K4=3,"moderado",IF(J4=1,IF(K4=4,"alto","extremo")))))))) -> bajo | N4: =IF(J4=1,IF(K4=1,"bajo",IF(J4=1,IF(K4=2,"bajo", IF(J4=1,IF(K4=3,"moderado",IF(J4=1,IF(K4=4,"alto","extremo")))))))) o IF(J4=2,IF(K4=1,"bajo",IF(J4=2,IF(K4=2,"bajo", IF(J4=2,IF(K4=3,"moderado",IF(J4=2,IF(K4=4,"alto","extremo")))))))) -> #VALUE! | R4: Reputacional
B5: 4 | C5: =$B5*C$9 -> 4 | D5: =$B5*D$9 -> 8 | E5: =$B5*E$9 -> 12 | F5: =$B5*F$9 -> 16 | G5: =$B5*G$9 -> 20 | J5: 1 | K5: 2 | M5: =IF(J5=1,IF(K5=1,"bajo",IF(J5=1,IF(K5=2,"bajo", IF(J5=1,IF(K5=3,"moderado",IF(J5=1,IF(K5=4,"alto","extremo")))))))) -> bajo | R5: Economico y Reputacional
B6: 3 | C6: =$B6*C$9 -> 3 | D6: =$B6*D$9 -> 6 | E6: =$B6*E$9 -> 9 | F6: =$B6*F$9 -> 12 | G6: =$B6*G$9 -> 15 | J6: 1 | K6: 3 | M6: =IF(J6=1,IF(K6=1,"bajo",IF(J6=1,IF(K6=2,"bajo", IF(J6=1,IF(K6=3,"moderado",IF(J6=1,IF(K6=4,"alto","extremo")))))))) -> moderado
B7: 2 | C7: =$B7*C$9 -> 2 | D7: =$B7*D$9 -> 4 | E7: =$B7*E$9 -> 6 | F7: =$B7*F$9 -> 8 | G7: =$B7*G$9 -> 10 | J7: 1 | K7: 4 | M7: =IF(J7=1,IF(K7=1,"bajo",IF(J7=1,IF(K7=2,"bajo", IF(J7=1,IF(K7=3,"moderado",IF(J7=1,IF(K7=4,"alto","extremo")))))))) -> alto
B8: 1 | C8: =$B8*C$9 -> 1 | D8: =$B8*D$9 -> 2 | E8: =$B8*E$9 -> 3 | F8: =$B8*F$9 -> 4 | G8: =$B8*G$9 -> 5 | J8: 1 | K8: 5 | M8: =IF(J8=1,IF(K8=1,"bajo",IF(J8=1,IF(K8=2,"bajo", IF(J8=1,IF(K8=3,"moderado",IF(J8=1,IF(K8=4,"alto","extremo")))))))) -> extremo
C9: 1 | D9: 2 | E9: 3 | F9: 4 | G9: 5 | H9: impacto
U11: DÉBIL | V11: NO DISMINUYE | W11: NO DISMINUYE | X11: DÉBILNO DISMINUYENO DISMINUYE | Y11: 0 | Z11: 0
B12: frecuencia | J12: 1 | K12: 1 | L12: =CONCATENATE(J12,K12) -> 11 | M12: Bajo | P12: FUERTE | Q12: FUERTE | R12: FUERTEFUERTE | S12: 100 | U12: FUERTE | V12: DIRECTAMENTE | W12: DIRECTAMENTE | X12: FUERTEDIRECTAMENTEDIRECTAMENTE | Y12: 2 | Z12: 2
B13: 5 | C13: =CONCATENATE($B13,C$9) -> 51 | D13: =CONCATENATE($B13,D$9) -> 52 | E13: =CONCATENATE($B13,E$9) -> 53 | F13: =CONCATENATE($B13,F$9) -> 54 | G13: =CONCATENATE($B13,G$9) -> 55 | J13: 1 | K13: 2 | L13: =CONCATENATE(J13,K13) -> 12 | M13: Bajo | P13: FUERTE | Q13: MODERADO | R13: FUERTEMODERADO | S13: 50 | U13: FUERTE | V13: DIRECTAMENTE | W13: INDIRECTAMENTE | X13: FUERTEDIRECTAMENTEINDIRECTAMENTE | Y13: 2 | Z13: 1
B14: 4 | C14: =CONCATENATE($B14,C$9) -> 41 | D14: =CONCATENATE($B14,D$9) -> 42 | E14: =CONCATENATE($B14,E$9) -> 43 | F14: =CONCATENATE($B14,F$9) -> 44 | G14: =CONCATENATE($B14,G$9) -> 45 | J14: 1 | K14: 3 | L14: =CONCATENATE(J14,K14) -> 13 | M14: Moderado | P14: FUERTE | Q14: DÉBIL | R14: FUERTEDÉBIL | S14: 0 | U14: FUERTE | V14: DIRECTAMENTE | W14: NO DISMINUYE | X14: FUERTEDIRECTAMENTENO DISMINUYE | Y14: 2 | Z14: 0
B15: 3 | C15: =CONCATENATE($B15,C$9) -> 31 | D15: =CONCATENATE($B15,D$9) -> 32 | E15: =CONCATENATE($B15,E$9) -> 33 | F15: =CONCATENATE($B15,F$9) -> 34 | G15: =CONCATENATE($B15,G$9) -> 35 | J15: 1 | K15: 4 | L15: =CONCATENATE(J15,K15) -> 14 | M15: Alto | P15: MODERADO | Q15: FUERTE | R15: MODERADOFUERTE | S15: 50 | U15: FUERTE | V15: NO DISMINUYE | W15: DIRECTAMENTE | X15: FUERTENO DISMINUYEDIRECTAMENTE | Y15: 0 | Z15: 2
B16: 2 | C16: =CONCATENATE($B16,C$9) -> 21 | D16: =CONCATENATE($B16,D$9) -> 22 | E16: =CONCATENATE($B16,E$9) -> 23 | F16: =CONCATENATE($B16,F$9) -> 24 | G16: =CONCATENATE($B16,G$9) -> 25 | J16: 1 | K16: 5 | L16: =CONCATENATE(J16,K16) -> 15 | M16: Extremo | P16: MODERADO | Q16: MODERADO | R16: MODERADOMODERADO | S16: 50 | U16: MODERADO | V16: DIRECTAMENTE | W16: DIRECTAMENTE | X16: MODERADODIRECTAMENTEDIRECTAMENTE | Y16: 1 | Z16: 1
B17: 1 | C17: =CONCATENATE($B17,C$9) -> 11 | D17: =CONCATENATE($B17,D$9) -> 12 | E17: =CONCATENATE($B17,E$9) -> 13 | F17: =CONCATENATE($B17,F$9) -> 14 | G17: =CONCATENATE($B17,G$9) -> 15 | J17: 2 | K17: 1 | L17: =CONCATENATE(J17,K17) -> 21 | M17: Bajo | P17: MODERADO | Q17: DÉBIL | R17: MODERADODÉBIL | S17: 0 | U17: MODERADO | V17: DIRECTAMENTE | W17: INDIRECTAMENTE | X17: MODERADODIRECTAMENTEINDIRECTAMENTE | Y17: 1 | Z17: 0
C18: 1 | D18: 2 | E18: 3 | F18: 4 | G18: 5 | H18: impacto | J18: 2 | K18: 2 | L18: =CONCATENATE(J18,K18) -> 22 | M18: Bajo | P18: DÉBIL | Q18: FUERTE | R18: DÉBILFUERTE | S18: 0 | U18: MODERADO | V18: DIRECTAMENTE | W18: NO DISMINUYE | X18: MODERADODIRECTAMENTENO DISMINUYE | Y18: 1 | Z18: 0
J19: 2 | K19: 3 | L19: =CONCATENATE(J19,K19) -> 23 | M19: Moderado | P19: DÉBIL | Q19: MODERADO | R19: DÉBILMODERADO | S19: 0 | U19: MODERADO | V19: NO DISMINUYE | W19: DIRECTAMENTE | X19: MODERADONO DISMINUYEDIRECTAMENTE | Y19: 0 | Z19: 1
J20: 2 | K20: 4 | L20: =CONCATENATE(J20,K20) -> 24 | M20: Alto | P20: DÉBIL | Q20: DÉBIL | R20: DÉBILDÉBIL | S20: 0
J21: 2 | K21: 5 | L21: =CONCATENATE(J21,K21) -> 25 | M21: Extremo
J22: 3 | K22: 1 | L22: =CONCATENATE(J22,K22) -> 31 | M22: Bajo
J23: 3 | K23: 2 | L23: =CONCATENATE(J23,K23) -> 32 | M23: Moderado
J24: 3 | K24: 3 | L24: =CONCATENATE(J24,K24) -> 33 | M24: Alto
J25: 3 | K25: 4 | L25: =CONCATENATE(J25,K25) -> 34 | M25: Extremo
J26: 3 | K26: 5 | L26: =CONCATENATE(J26,K26) -> 35 | M26: Extremo
J27: 4 | K27: 1 | L27: =CONCATENATE(J27,K27) -> 41 | M27: Moderado
J28: 4 | K28: 2 | L28: =CONCATENATE(J28,K28) -> 42 | M28: Alto
J29: 4 | K29: 3 | L29: =CONCATENATE(J29,K29) -> 43 | M29: Alto
J30: 4 | K30: 4 | L30: =CONCATENATE(J30,K30) -> 44 | M30: Extremo
J31: 4 | K31: 5 | L31: =CONCATENATE(J31,K31) -> 45 | M31: Extremo
J32: 5 | K32: 1 | L32: =CONCATENATE(J32,K32) -> 51 | M32: Alto
... J36: 5 | K36: 5 | L36: =CONCATENATE(J36,K36) -> 55 | M36: Extremo

Sheet RIESGOS CORRUPCIÓN 2022
A2: MATRIZ RIESGOS CORRUPCIÓN 2022
A3: PROCESO | B3: CÓDIGO | C3: IDENTIFICACIÓN DE RIESGOS | G3: RIESGO INHERENTE | K3: CONTROLES EXISTENTES (BARRERAS) | L3: DISEÑO DEL CONTROL | V3: EJECUCIÓN DEL CONTROL | W3: RESULTADO DE EVALUACIÓN DE CONTROLES | AE3: CALIFICACIÓN DEL RIESGO DESPUÉS DE CONTROLES | AH3: RIESGO RESIDUAL
C4: RIESGO - DESCRIPCIÓN | D4: TIPO DE RIESGO | E4: CAUSAS | F4: CONSECUENCIAS (IMPACTO) | G4: PROBABILIDAD | H4: IMPACTO | I4: NIVEL DE RIESGO | J4: ZONA DE RIESGO | L4: ASIGNACIÓN DE RESPONSABLE PARA LA EJECUCIÓN DEL CONTROL | M4: SEGREGACIÓN Y AUTORIDAD DEL RESPONSABLE | N4: PERIODICIDAD EN LA EJECUCIÓN | O4: PROPÓSITO DEL CONTROL (DETECTIVO O PREVENTIVO) | P4: COMO SE REALIZA LA ACTIVIDAD DE CONTROL | Q4: QUE PASA CON LAS OBSERVACIONES O DESVIACIONES | R4: EVIDENCIA DE LA EJECUCIÓN DEL CONTROL | S4: SUMATORIA DISEÑO | T4: RESULTADO EVALUACIÓN DEL CONTROL | U4: PESO DEL R/ DISEÑO DEL CONTROL | V4: CALIFICACIÓN DE LA EJECUCIÓN DEL CONTROL FUERTE 100 CONSISTENTE MODERADO: 50 ALGUNAS VECES DÉBIL 0 NO SE EJECUTA | W4: SOLIDEZ INDIVIDUAL DEL CONTROL | X4: REQUIERE ACCIONES DE MEJORA | Y4: SOLIDEZ DEL CONJUNTO DE CONTROLES FUERTE 100 MODERADO 50 A 99 DEBIL MENOR A 50 | Z4: DISMINUYE PROBABILIDAD SI LA SOLIDEZ DE CONJUNTO ES DEBIL NO DOSIMINUYE | AA4: DISMINUYE IMPACTO SI LA SOLIDEZ DE CONJUNTO ES DEBIL NO DOSIMINUYE | AC4: DESPLAZAMIENTO EN EJE DE PROBABILIDAD | AD4: DESPLAZAMIENTO EN EJE DE IMPACTO | AE4: PROBABILIDAD | AF4: IMPACTO | AI4: OPCIÓN DE MANEJO
B5: 1 | C5: Tráfico de influencias, (amiguismo, persona influyente, clientelismo) G bienes y servicios (contratación) G talento humano G financiera | D5: CORRUPCIÓN | E5: Proceso de ingreso otros tipos de nombramiento y contratistas, direccionados y sin rigor metodológico en pruebas de conocimiento y actitudinales, entrevistas, verificación de hoja de vida y requisitos para el cargo | F5: Responsabilidad patrimonial de la institución por demandas judiciales y/o sanciones de organismos de vigilancia y control | G5: 3 | H5: 3 | I5: =CONCATENATE(G5,H5) -> 33 | J5: =VLOOKUP(I5,REFERENCIAS!$L$12:$M$36,2,FALSE) -> Alto | K5: Verificar que el candidato cumpla el perfil exigido. En caso de presentarse diferencias solicite revisión por el Auxiliar Administrativo. (contratistas) pr ingreso otros tipos | L5: 15 | M5: 15 | N5: 15 | O5: 15 | P5: 15 | Q5: 15 | R5: 10 | S5: =SUM(L5:R5) -> 100 | T5: =CONCATENATE(U5,V5) -> FUERTEFUERTE | U5: =IF(S5<86,"DÉBIL",IF(S5<96,"MODERADO","FUERTE")) -> FUERTE | V5: FUERTE | W5: =VLOOKUP(T5,REFERENCIAS!$R$12:$S$20,2,FALSE) -> 100 | X5: =IF(W5=100,"NO","SI") -> NO | Y5: =IF(AVERAGE(W5:W10)<50,"DÉBIL",IF(AVERAGE(W5:W10)<100,"MODERADO","FUERTE")) -> MODERADO | Z5: DIRECTAMENTE | AA5: INDIRECTAMENTE | AB5: =CONCATENATE(Y5,Z5,AA5) -> MODERADODIRECTAMENTEINDIRECTAMENTE | AC5: =VLOOKUP(AB5,REFERENCIAS!$X$11:$Z$19,2,FALSE) -> 1 | AD5: =VLOOKUP(AB5,REFERENCIAS!$X$11:$Z$19,3,FALSE) -> 0 | AE5: =IF(G5-AC5<1,1,G5-AC5) -> 2 | AF5: =IF(H5-AD5<1,1,H5-AD5) -> 3 | AG5: =CONCATENATE(AE5,AF5) -> 23 | AH5: =VLOOKUP(AG5,REFERENCIAS!$L$12:$M$36,2,FALSE) -> Moderado | AI5: EVITAR
F6: Deterioro de la imagen institucional | K6: Validar que a los candidatos se les haya revisado las referencias laborales y personales (provisionales) pr ingreso otros tipos | L6: 15 | M6: 15 | N6: 15 | O6: 15 | P6: 15 | Q6: 0 | R6: 10 | S6: =SUM(L6:R6) -> 85 | T6: =CONCATENATE(U6,V6) -> DÉBILFUERTE | U6: =IF(S6<86,"DÉBIL",IF(S6<96,"MODERADO","FUERTE")) -> DÉBIL | V6: FUERTE | W6: =VLOOKUP(T6,REFERENCIAS!$R$12:$S$20,2,FALSE) -> 0 | X6: =IF(W6=100,"NO","SI") -> SI
E7: Controles deficientes al interior de cada proceso que generan decisiones autónomas en los servidores | F7: Ineficiencia administrativa. | K7: Validación por parte de los Jefes responsables de los procesos, de los productos generados en cada uno. | L7: 15 | M7: 15 | N7: 15 | O7: 15 | P7: 15 | Q7: 15 | R7: 10 | S7: =SUM(L7:R7) -> 100 | T7: =CONCATENATE(U7,V7) -> FUERTEMODERADO | U7: =IF(S7<86,"DÉBIL",IF(S7<96,"MODERADO","FUERTE")) -> FUERTE | V7: MODERADO | W7: =VLOOKUP(T7,REFERENCIAS!$R$12:$S$20,2,FALSE) -> 50 | X7: =IF(W7=100,"NO","SI") -> SI
E8: Insuficiente apropiación de una cultura organizacional centrada en la transparencia y la anticorrupción | F8: Sanciones disciplinarias, fiscales y/o penales a los funcionarios | K8: Despliegue, conocimiento y apropiación del Código de Integridad | L8: 15 | M8: 15 | N8: 15 | O8: 15 | P8: 15 | Q8: 15 | R8: 10 | S8: =SUM(L8:R8) -> 100 | T8: =CONCATENATE(U8,V8) -> FUERTEFUERTE | U8: =IF(S8<86,"DÉBIL",IF(S8<96,"MODERADO","FUERTE")) -> FUERTE | V8: FUERTE | W8: =VLOOKUP(T8,REFERENCIAS!$R$12:$S$20,2,FALSE) -> 100 | X8: =IF(W8=100,"NO","SI") -> NO
E9: Direccionar las especificaciones técnicas para favorecer a terceros sin la debida justificación y lleno de requisitos definidos en el estatuo de contratación | F9: Eventos adversos y afectación en la prestación de los servicios por ingreso de personal no competente para el cargo | K9: Aplicación del Manual de Contratación en todos los procesos de contratación de bienes y servicios. En caso de incumplimiento | L9: 15 | M9: 15 | N9: 15 | O9: 15 | P9: 15 | Q9: 15 | R9: 10 | S9: =SUM(L9:R9) -> 100 | T9: =CONCATENATE(U9,V9) -> FUERTEFUERTE | U9: =IF(S9<86,"DÉBIL",IF(S9<96,"MODERADO","FUERTE")) -> FUERTE | V9: FUERTE | W9: =VLOOKUP(T9,REFERENCIAS!$R$12:$S$20,2,FALSE) -> 100 | X9: =IF(W9=100,"NO","SI") -> NO
E10: Favorecimiento de pagos a proveedores sin aplicar los criterios de priorización definidos | K10: 14. Aprobar los pagos a realizar en el mes de acuerdo con el flujo de caja proyectado por tesorería 15. Programar y relacionar pagos con base en el listado de vencimientos actualizado, necesidades del servicio, obligaciones fijas y compromisos ya adquiridos según flujo de caja aprobado (Pr ejecución de pagos) | L10: 15 | M10: 15 | N10: 15 | O10: 15 | P10: 15 | Q10: 0 | R10: 10 | S10: =SUM(L10:R10) -> 85 | T10: =CONCATENATE(U10,V10) -> DÉBILFUERTE | U10: =IF(S10<86,"DÉBIL",IF(S10<96,"MODERADO","FUERTE")) -> DÉBIL | V10: FUERTE | W10: =VLOOKUP(T10,REFERENCIAS!$R$12:$S$20,2,FALSE) -> 0 | X10: =IF(W10=100,"NO","SI") -> SI
B11: 2 | C11: Extralimitación de funciones y/o concentración de autoridad o exceso de poder Direccionamiento Estratégico G Sistemas de información G bienes y servicios (contratación) G talento humano G. Control Interno Disciplinario G. Control y Evaluación | D11: CORRUPCIÓN | E11: Intereses particulares en el logro de los objetivos y/o resultados. | F11: Responsabilidad patrimonial de la institución por demandas judiciales y/o sanciones de organismos de vigilancia y control | G11: 2 | H11: 4 | I11: =CONCATENATE(G11,H11) -> 24 | J11: =VLOOKUP(I11,REFERENCIAS!$L$12:$M$36,2,FALSE) -> Alto | K11: Aplicación de la Evaluación de desempeño y de los Acuerdos de gestión anualmente. En caso de evaluaciones deficientes generar los planes de mejora individual | L11: 15 | M11: 15 | N11: 15 | O11: 15 | P11: 15 | Q11: 15 | R11: 10 | S11: =SUM(L11:R11) -> 100 | T11: =CONCATENATE(U11,V11) -> FUERTEMODERADO | U11: =IF(S11<86,"DÉBIL",IF(S11<96,"MODERADO","FUERTE")) -> FUERTE | V11: MODERADO | W11: =VLOOKUP(T11,REFERENCIAS!$R$12:$S$20,2,FALSE) -> 50 | X11: =IF(W11=100,"NO","SI") -> SI | Y11: =IF(AVERAGE(W11:W16)<50,"DÉBIL",IF(AVERAGE(W11:W16)<100,"MODERADO","FUERTE")) -> MODERADO | Z11: DIRECTAMENTE | AA11: INDIRECTAMENTE | AB11: =CONCATENATE(Y11,Z11,AA11) -> MODERADODIRECTAMENTEINDIRECTAMENTE | AC11: =VLOOKUP(AB11,REFERENCIAS!$X$11:$Z$19,2,FALSE) -> 1 | AD11: =VLOOKUP(AB11,REFERENCIAS!$X$11:$Z$19,3,FALSE) -> 0 | AE11: =IF(G11-AC11<1,1,G11-AC11) -> 1 | AF11: =IF(H11-AD11<1,1,H11-AD11) -> 4 | AG11: =CONCATENATE(AE11,AF11) -> 14 | AH11: =VLOOKUP(AG11,REFERENCIAS!$L$12:$M$36,2,FALSE) -> Alto | AI11: EVITAR
E12: Insuficiente apropiación de una cultura organizacional centrada en la transparencia y la anticorrupción | F12: desmotivación en los servidores y afectación del clima laboral | K12: Despliegue, conocimiento y apropiación del Código de Integridad | L12: 15 | M12: 15 | N12: 15 | O12: 15 | P12: 15 | Q12: 15 | R12: 10 | S12: =SUM(L12:R12) -> 100 | T12: =CONCATENATE(U12,V12) -> FUERTEFUERTE | U12: =IF(S12<86,"DÉBIL",IF(S12<96,"MODERADO","FUERTE")) -> FUERTE | V12: FUERTE | W12: =VLOOKUP(T12,REFERENCIAS!$R$12:$S$20,2,FALSE) -> 100 | X12: =IF(W12=100,"NO","SI") -> NO
E13: Controles deficientes al interior de cada proceso que generan decisiones autónomas en los servidores | F13: Investigaciones y/o sanciones disciplinarias, fiscales y/o penales a los funcionarios | K13: Actividades de socialización del código disciplinario | L13: 15 | M13: 15 | N13: 15 | O13: 15 | P13: 15 | Q13: 15 | R13: 10 | S13: =SUM(L13:R13) -> 100 | T13: =CONCATENATE(U13,V13) -> FUERTEFUERTE | U13: =IF(S13<86,"DÉBIL",IF(S13<96,"MODERADO","FUERTE")) -> FUERTE | V13: FUERTE | W13: =VLOOKUP(T13,REFERENCIAS!$R$12:$S$20,2,FALSE) -> 100 | X13: =IF(W13=100,"NO","SI") -> NO
F14: Acoso laboral | K14: Linea de denuncias implementada y con seguimiento a los resultados. | L14: 15 | M14: 15 | N14: 15 | O14: 15 | P14: 15 | Q14: 15 | R14: 10 | S14: =SUM(L14:R14) -> 100 | T14: =CONCATENATE(U14,V14) -> FUERTEMODERADO | U14: =IF(S14<86,"DÉBIL",IF(S14<96,"MODERADO","FUERTE")) -> FUERTE | V14: MODERADO | W14: =VLOOKUP(T14,REFERENCIAS!$R$12:$S$20,2,FALSE) -> 50 | X14: =IF(W14=100,"NO","SI") -> SI
F15: Deterioro de la imagen institucional
F16: Reprocesos
B17: 3 | C17: Soborno (cohecho - recibir dádivas) G bienes y servicios (contratación) G talento humano G financiera | D17: CORRUPCIÓN | E17: Insuficiente apropiación de una cultura organizacional centrada en la transparencia y la anticorrupción | F17: Responsabilidad patrimonial de la institución por demandas judiciales y/o sanciones de organismos de vigilancia y control | G17: 1 | H17: 4 | I17: =CONCATENATE(G17,H17) -> 14 | J17: =VLOOKUP(I17,REFERENCIAS!$L$12:$M$36,2,FALSE) -> Alto | K17: Despliegue, conocimiento y apropiación del Código de Integridad | L17: 15 | M17: 15 | N17: 15 | O17: 15 | P17: 15 | Q17: 15 | R17: 10 | S17: =SUM(L17:R17) -> 100 | T17: =CONCATENATE(U17,V17) -> FUERTEFUERTE | U17: =IF(S17<86,"DÉBIL",IF(S17<96,"MODERADO","FUERTE")) -> FUERTE | V17: FUERTE | W17: =VLOOKUP(T17,REFERENCIAS!$R$12:$S$20,2,FALSE) -> 100 | X17: =IF(W17=100,"NO","SI") -> NO | Y17: =IF(AVERAGE(W17:W23)<50,"DÉBIL",IF(AVERAGE(W17:W23)<100,"MODERADO","FUERTE")) -> MODERADO | Z17: DIRECTAMENTE | AA17: INDIRECTAMENTE | AB17: =CONCATENATE(Y17,Z17,AA17) -> MODERADODIRECTAMENTEINDIRECTAMENTE | AC17: =VLOOKUP(AB17,REFERENCIAS!$X$11:$Z$19,2,FALSE) -> 1 | AD17: =VLOOKUP(AB17,REFERENCIAS!$X$11:$Z$19,3,FALSE) -> 0 | AE17: =IF(G17-AC17<1,1,G17-AC17) -> 1 | AF17: =IF(H17-AD17<1,1,H17-AD17) -> 4 | AG17: =CONCATENATE(AE17,AF17) -> 14 | AH17: =VLOOKUP(AG17,REFERENCIAS!$L$12:$M$36,2,FALSE) -> Alto | AI17: EVITAR
F18: Deterioro de la imagen institucional | K18: Actividades de socialización del código disciplinario | L18: 15 | M18: 15 | N18: 15 | O18: 15 | P18: 15 | Q18: 15 | R18: 10 | S18: =SUM(L18:R18) -> 100 | T18: =CONCATENATE(U18,V18) -> FUERTEFUERTE | U18: =IF(S18<86,"DÉBIL",IF(S18<96,"MODERADO","FUERTE")) -> FUERTE | V18: FUERTE | W18: =VLOOKUP(T18,REFERENCIAS!$R$12:$S$20,2,FALSE) -> 100 | X18: =IF(W18=100,"NO","SI") -> NO
E19: Intereses personales y falta de honestidad del recurso humano | F19: Investigaciones y/o sanciones disciplinarias, fiscales y/o penales a los servidores | K19: Despliegue, conocimiento y apropiación del Código de Integridad | L19: 15 | M19: 15 | N19: 15 | O19: 15 | P19: 15 | Q19: 15 | R19: 10 | S19: =SUM(L19:R19) -> 100 | T19: =CONCATENATE(U19,V19) -> FUERTEFUERTE | U19: =IF(S19<86,"DÉBIL",IF(S19<96,"MODERADO","FUERTE")) -> FUERTE | V19: FUERTE | W19: =VLOOKUP(T19,REFERENCIAS!$R$12:$S$20,2,FALSE) -> 100 | X19: =IF(W19=100,"NO","SI") -> NO
E20: Falta de controles en las actividades y procesos | K20: Validación por parte de los Jefes responsables de los procesos, de los productos generados en cada uno. | L20: 15 | M20: 15 | N20: 15 | O20: 15 | P20: 15 | Q20: 15 | R20: 10 | S20: =SUM(L20:R20) -> 100 | T20: =CONCATENATE(U20,V20) -> FUERTEMODERADO | U20: =IF(S20<86,"DÉBIL",IF(S20<96,"MODERADO","FUERTE")) -> FUERTE | V20: MODERADO | W20: =VLOOKUP(T20,REFERENCIAS!$R$12:$S$20,2,FALSE) -> 50 | X20: =IF(W20=100,"NO","SI") -> SI
K21: Aplicación del Manual de Contratación en todos los procesos de contratación de bienes y servicios. | L21: 15 | M21: 15 | N21: 15 | O21: 15 | P21: 15 | Q21: 15 | R21: 10 | S21: =SUM(L21:R21) -> 100 | T21: =CONCATENATE(U21,V21) -> FUERTEFUERTE | U21: =IF(S21<86,"DÉBIL",IF(S21<96,"MODERADO","FUERTE")) -> FUERTE | V21: FUERTE | W21: =VLOOKUP(T21,REFERENCIAS!$R$12:$S$20,2,FALSE) -> 100 | X21: =IF(W21=100,"NO","SI") -> NO
K22: Aplicación del Manual de Supervisiòn en todos los procesos de contratación de bienes y servicios. | L22: 15 | M22: 15 | N22: 15 | O22: 15 | P22: 15 | Q22: 15 | R22: 10 | S22: =SUM(L22:R22) -> 100 | T22: =CONCATENATE(U22,V22) -> FUERTEMODERADO | U22: =IF(S22<86,"DÉBIL",IF(S22<96,"MODERADO","FUERTE")) -> FUERTE | V22: MODERADO | W22: =VLOOKUP(T22,REFERENCIAS!$R$12:$S$20,2,FALSE) -> 50 | X22: =IF(W22=100,"NO","SI") -> SI
K23: Aprobar los pagos a realizar en el mes de acuerdo con el flujo de caja proyectado por tesorería Programar y relacionar pagos con base en el listado de vencimientos actualizado, necesidades del servicio, obligaciones fijas y compromisos ya adquiridos según flujo de caja aprobado (Pr ejecución de pagos) | L23: 15 | M23: 15 | N23: 15 | O23: 15 | P23: 15 | Q23: 0 | R23: 10 | S23: =SUM(L23:R23) -> 85 | T23: =CONCATENATE(U23,V23) -> DÉBILFUERTE | U23: =IF(S23<86,"DÉBIL",IF(S23<96,"MODERADO","FUERTE")) -> DÉBIL | V23: FUERTE | W23: =VLOOKUP(T23,REFERENCIAS!$R$12:$S$20,2,FALSE) -> 0 | X23: =IF(W23=100,"NO","SI") -> SI
B24: 4 | C24: Cobro por realización del trámite (Concusión) G bienes y servicios (contratación) G talento humano | D24: CORRUPCIÓN | E24: Insuficiente apropiación de una cultura organizacional centrada en la transparencia y la anticorrupción | F24: Responsabilidad patrimonial de la institución por demandas judiciales y/o sanciones de organismos de vigilancia y control | G24: 1 | H24: 4 | I24: =CONCATENATE(G24,H24) -> 14 | J24: =VLOOKUP(I24,REFERENCIAS!$L$12:$M$36,2,FALSE) -> Alto | K24: Despliegue, conocimiento y apropiación del Código de Integridad | L24: 15 | M24: 15 | N24: 15 | O24: 15 | P24: 15 | Q24: 15 | R24: 10 | S24: =SUM(L24:R24) -> 100 | T24: =CONCATENATE(U24,V24) -> FUERTEFUERTE | U24: =IF(S24<86,"DÉBIL",IF(S24<96,"MODERADO","FUERTE")) -> FUERTE | V24: FUERTE | W24: =VLOOKUP(T24,REFERENCIAS!$R$12:$S$20,2,FALSE) -> 100 | X24: =IF(W24=100,"NO","SI") -> NO | Y24: =IF(AVERAGE(W24:W29)<50,"DÉBIL",IF(AVERAGE(W24:W29)<100,"MODERADO","FUERTE")) -> MODERADO | Z24: DIRECTAMENTE | AA24: INDIRECTAMENTE | AB24: =CONCATENATE(Y24,Z24,AA24) -> MODERADODIRECTAMENTEINDIRECTAMENTE | AC24: =VLOOKUP(AB24,REFERENCIAS!$X$11:$Z$19,2,FALSE) -> 1 | AD24: =VLOOKUP(AB24,REFERENCIAS!$X$11:$Z$19,3,FALSE) -> 0 | AE24: =IF(G24-AC24<1,1,G24-AC24) -> 1 | AF24: =IF(H24-AD24<1,1,H24-AD24) -> 4 | AG24: =CONCATENATE(AE24,AF24) -> 14 | AH24: =VLOOKUP(AG24,REFERENCIAS!$L$12:$M$36,2,FALSE) -> Alto | AI24: EVITAR
F25: Deterioro de la imagen institucional | K25: Actividades de socialización del código disciplinario | L25: 15 | M25: 15 | N25: 15 | O25: 15 | P25: 15 | Q25: 15 | R25: 10 | S25: =SUM(L25:R25) -> 100 | T25: =CONCATENATE(U25,V25) -> FUERTEFUERTE | U25: =IF(S25<86,"DÉBIL",IF(S25<96,"MODERADO","FUERTE")) -> FUERTE | V25: FUERTE | W25: =VLOOKUP(T25,REFERENCIAS!$R$12:$S$20,2,FALSE) -> 100 | X25: =IF(W25=100,"NO","SI") -> NO
E26: Intereses personales y falta de honestidad del recurso humano | F26: Investigaciones y/o sanciones disciplinarias, fiscales y/o penales a los servidores | K26: Despliegue, conocimiento y apropiación del Código de Integridad | L26: 15 | M26: 15 | N26: 15 | O26: 15 | P26: 15 | Q26: 15 | R26: 10 | S26: =SUM(L26:R26) -> 100 | T26: =CONCATENATE(U26,V26) -> FUERTEFUERTE | U26: =IF(S26<86,"DÉBIL",IF(S26<96,"MODERADO","FUERTE")) -> FUERTE | V26: FUERTE | W26: =VLOOKUP(T26,REFERENCIAS!$R$12:$S$20,2,FALSE) -> 100 | X26: =IF(W26=100,"NO","SI") -> NO
E27: Falta de controles en las actividades y procesos | K27: Validación por parte de los Jefes responsables de los procesos, de los productos generados en cada uno. | L27: 15 | M27: 15 | N27: 15 | O27: 15 | P27: 15 | Q27: 15 | R27: 10 | S27: =SUM(L27:R27) -> 100 | T27: =CONCATENATE(U27,V27) -> FUERTEMODERADO | U27: =IF(S27<86,"DÉBIL",IF(S27<96,"MODERADO","FUERTE")) -> FUERTE | V27: MODERADO | W27: =VLOOKUP(T27,REFERENCIAS!$R$12:$S$20,2,FALSE) -> 50 | X27: =IF(W27=100,"NO","SI") -> SI
K28: Aplicación del Manual de Contratación en todos los procesos de contratación de bienes y servicios. | L28: 15 | M28: 15 | N28: 15 | O28: 15 | P28: 15 | Q28: 15 | R28: 10 | S28: =SUM(L28:R28) -> 100 | T28: =CONCATENATE(U28,V28) -> FUERTEFUERTE | U28: =IF(S28<86,"DÉBIL",IF(S28<96,"MODERADO","FUERTE")) -> FUERTE | V28: FUERTE | W28: =VLOOKUP(T28,REFERENCIAS!$R$12:$S$20,2,FALSE) -> 100 | X28: =IF(W28=100,"NO","SI") -> NO
K29: Aplicación del Manual de Supervisiòn en todos los procesos de contratación de bienes y servicios. | L29: 15 | M29: 15 | N29: 15 | O29: 15 | P29: 15 | Q29: 15 | R29: 10 | S29: =SUM(L29:R29) -> 100 | T29: =CONCATENATE(U29,V29) -> FUERTEMODERADO | U29: =IF(S29<86,"DÉBIL",IF(S29<96,"MODERADO","FUERTE")) -> FUERTE | V29: MODERADO | W29: =VLOOKUP(T29,REFERENCIAS!$R$12:$S$20,2,FALSE) -> 50 | X29: =IF(W29=100,"NO","SI") -> SI
B30: 5 | C30: Ocultación o adulteración del sistema de información y/o filtración de información confidencial G Sistemas de información G bienes y servicios (contratación) G talento humano G Jurídica G procesos disciplinarios | D30: CORRUPCIÓN | E30: Debilidad en la actualización del sistema en la parametrización de los perfiles según el rol a desempeñar (seguridad y privacidad) | F30: Responsabilidad patrimonial de la institución por demandas judiciales y/o sanciones de organismos de vigilancia y control | G30: 2 | H30: 4 | I30: =CONCATENATE(G30,H30) -> 24 | J30: =VLOOKUP(I30,REFERENCIAS!$L$12:$M$36,2,FALSE) -> Alto | K30: Aplicación del Manual de gestión de usuarios para la asignación de roles y privilegios | L30: 15 | M30: 15 | N30: 15 | O30: 15 | P30: 15 | Q30: 15 | R30: 10 | S30: =SUM(L30:R30) -> 100 | T30: =CONCATENATE(U30,V30) -> FUERTEFUERTE | U30: =IF(S30<86,"DÉBIL",IF(S30<96,"MODERADO","FUERTE")) -> FUERTE | V30: FUERTE | W30: =VLOOKUP(T30,REFERENCIAS!$R$12:$S$20,2,FALSE) -> 100 | X30: =IF(W30=100,"NO","SI") -> NO | Y30: =IF(AVERAGE(W30:W33)<50,"DÉBIL",IF(AVERAGE(W30:W33)<100,"MODERADO","FUERTE")) -> MODERADO | Z30: DIRECTAMENTE | AA30: INDIRECTAMENTE | AB30: =CONCATENATE(Y30,Z30,AA30) -> MODERADODIRECTAMENTEINDIRECTAMENTE | AC30: =VLOOKUP(AB30,REFERENCIAS!$X$11:$Z$19,2,FALSE) -> 1 | AD30: =VLOOKUP(AB30,REFERENCIAS!$X$11:$Z$19,3,FALSE) -> 0 | AE30: =IF(G30-AC30<1,1,G30-AC30) -> 1 | AF30: =IF(H30-AD30<1,1,H30-AD30) -> 4 | AG30: =CONCATENATE(AE30,AF30) -> 14 | AH30: =VLOOKUP(AG30,REFERENCIAS!$L$12:$M$36,2,FALSE) -> Alto | AI30: EVITAR
E31: No contar o no utilizar los medios de almacenamiento, seguro de la informacion en medio físico | F31: Deterioro de la imagen institucional | K31: Acceso restringido a los espacios fisicos de almacenamiento de documentos | L31: 15 | M31: 15 | N31: 15 | O31: 15 | P31: 0 | Q31: 0 | R31: 10 | S31: =SUM(L31:R31) -> 70 | T31: =CONCATENATE(U31,V31) -> DÉBILMODERADO | U31: =IF(S31<86,"DÉBIL",IF(S31<96,"MODERADO","FUERTE")) -> DÉBIL | V31: MODERADO | W31: =VLOOKUP(T31,REFERENCIAS!$R$12:$S$20,2,FALSE) -> 0 | X31: =IF(W31=100,"NO","SI") -> SI
E32: No adherencia a las políticas institucionales para el manejo seguro de la información. | F32: Ineficiencia administrativa. | K32: Log (registro)de transacciones en el sistema de información | L32: 15 | M32: 15 | N32: 15 | O32: 15 | P32: 15 | Q32: 15 | R32: 10 | S32: =SUM(L32:R32) -> 100 | T32: =CONCATENATE(U32,V32) -> FUERTEFUERTE | U32: =IF(S32<86,"DÉBIL",IF(S32<96,"MODERADO","FUERTE")) -> FUERTE | V32: FUERTE | W32: =VLOOKUP(T32,REFERENCIAS!$R$12:$S$20,2,FALSE) -> 100 | X32: =IF(W32=100,"NO","SI") -> NO
E33: Concentracion de poder en el conocimiento y manejo de la informacion específica de un proceso. | F33: Investigaciones y/o sanciones disciplinarias, fiscales y/o penales a los funcionarios | K33: Validación por parte de los Jefes responsables de los procesos, de los productos generados en cada uno. | L33: 15 | M33: 15 | N33: 15 | O33: 15 | P33: 15 | Q33: 15 | R33: 10 | S33: =SUM(L33:R33) -> 100 | T33: =CONCATENATE(U33,V33) -> FUERTEMODERADO | U33: =IF(S33<86,"DÉBIL",IF(S33<96,"MODERADO","FUERTE")) -> FUERTE | V33: MODERADO | W33: =VLOOKUP(T33,REFERENCIAS!$R$12:$S$20,2,FALSE) -> 50 | X33: =IF(W33=100,"NO","SI") -> SI
B34: 6 | C34: Manipulación del proceso definido en la normatividad externa e interna, a favor de un tercero, en relación con procesos disciplinarios, contratación de bienes y servicios, ingreso de persona y financiero, entre otros. G Sistemas de información G bienes y servicios (contratación) G talento humano G Jurídica G procesos disciplinarios | D34: CORRUPCIÓN | E34: Direccionar las especificaciones técnicas para favorecer a terceros sin la debida justificación y lleno de requisitos definidos en el estatuo de contratación | F34: Responsabilidad patrimonial de la institución por demandas judiciales y/o sanciones de organismos de vigilancia y control | G34: 2 | H34: 4 | I34: =CONCATENATE(G34,H34) -> 24 | J34: =VLOOKUP(I34,REFERENCIAS!$L$12:$M$36,2,FALSE) -> Alto | K34: Aplicación del Manual de Contratación en todos los procesos de contratación de bienes y servicios. | L34: 15 | M34: 15 | N34: 15 | O34: 15 | P34: 15 | Q34: 15 | R34: 10 | S34: =SUM(L34:R34) -> 100 | T34: =CONCATENATE(U34,V34) -> FUERTEFUERTE | U34: =IF(S34<86,"DÉBIL",IF(S34<96,"MODERADO","FUERTE")) -> FUERTE | V34: FUERTE | W34: =VLOOKUP(T34,REFERENCIAS!$R$12:$S$20,2,FALSE) -> 100 | X34: =IF(W34=100,"NO","SI") -> NO | Y34: =IF(AVERAGE(W34:W41)<50,"DÉBIL",IF(AVERAGE(W34:W41)<100,"MODERADO","FUERTE")) -> MODERADO | Z34: DIRECTAMENTE | AA34: INDIRECTAMENTE | AB34: =CONCATENATE(Y34,Z34,AA34) -> MODERADODIRECTAMENTEINDIRECTAMENTE | AC34: =VLOOKUP(AB34,REFERENCIAS!$X$11:$Z$19,2,FALSE) -> 1 | AD34: =VLOOKUP(AB34,REFERENCIAS!$X$11:$Z$19,3,FALSE) -> 0 | AE34: =IF(G34-AC34<1,1,G34-AC34) -> 1 | AF34: =IF(H34-AD34<1,1,H34-AD34) -> 4 | AG34: =CONCATENATE(AE34,AF34) -> 14 | AH34: =VLOOKUP(AG34,REFERENCIAS!$L$12:$M$36,2,FALSE) -> Alto | AI34: EVITAR
E35: Fallas en la de supervision de contratos (No adherencia deliberada al manual de supervisión) | F35: Deterioro de la imagen institucional | K35: Aplicación del Manual de Supervisiòn en todos los procesos de contratación de bienes y servicios. | L35: 15 | M35: 15 | N35: 15 | O35: 15 | P35: 15 | Q35: 15 | R35: 10 | S35: =SUM(L35:R35) -> 100 | T35: =CONCATENATE(U35,V35) -> FUERTEMODERADO | U35: =IF(S35<86,"DÉBIL",IF(S35<96,"MODERADO","FUERTE")) -> FUERTE | V35: MODERADO | W35: =VLOOKUP(T35,REFERENCIAS!$R$12:$S$20,2,FALSE) -> 50 | X35: =IF(W35=100,"NO","SI") -> SI
E36: Proceso de ingreso otros tipos de nombramiento y contratistas, direccionados y sin rigor metodológico en pruebas de conocimiento y actitudinales, entrevistas, verificación de hoja de vida y requisitos para el cargo | F36: Ineficiencia administrativa. | K36: Verificar que el candidato cumpla el perfil exigido. En caso de presentarse diferencias solicite revisión por el Auxiliar Administrativo. (contratistas) pr ingreso otros tipos | L36: 15 | M36: 15 | N36: 15 | O36: 15 | P36: 15 | Q36: 15 | R36: 10 | S36: =SUM(L36:R36) -> 100 | T36: =CONCATENATE(U36,V36) -> FUERTEFUERTE | U36: =IF(S36<86,"DÉBIL",IF(S36<96,"MODERADO","FUERTE")) -> FUERTE | V36: FUERTE | W36: =VLOOKUP(T36,REFERENCIAS!$R$12:$S$20,2,FALSE) -> 100 | X36: =IF(W36=100,"NO","SI") -> NO
E37: Controles deficientes al interior de cada proceso que generan decisiones autónomas en los servidores | F37: Sanciones disciplinarias, fiscales y/o penales a los servidores | K37: Validación por parte de los Jefes responsables de los procesos, de los productos generados en cada uno. | L37: 15 | M37: 15 | N37: 15 | O37: 15 | P37: 15 | Q37: 15 | R37: 10 | S37: =SUM(L37:R37) -> 100 | T37: =CONCATENATE(U37,V37) -> MODERADOMODERADO | U37: MODERADO | V37: MODERADO | W37: =VLOOKUP(T37,REFERENCIAS!$R$12:$S$20,2,FALSE) -> 50 | X37: =IF(W37=100,"NO","SI") -> SI
E38: Insuficiente apropiación de una cultura organizacional centrada en la transparencia y la anticorrupción | K38: Despliegue, conocimiento y apropiación del Código de Integridad | L38: 15 | M38: 15 | N38: 15 | O38: 15 | P38: 15 | Q38: 15 | R38: 10 | S38: =SUM(L38:R38) -> 100 | T38: =CONCATENATE(U38,V38) -> FUERTEFUERTE | U38: =IF(S38<86,"DÉBIL",IF(S38<96,"MODERADO","FUERTE")) -> FUERTE | V38: FUERTE | W38: =VLOOKUP(T38,REFERENCIAS!$R$12:$S$20,2,FALSE) -> 100 | X38: =IF(W38=100,"NO","SI") -> NO
E39: No notificar adecuadamente u omitir la decisión de indagación preliminar y de investigación disciplinaria | K39: 7. Revisar para cada providencia notificable que la notificación se haya surtido en términos de ley, y que repose en copia digital, en caso contrario verificar que la auxiliar administrativa repita el proceso, hasta que se realice satisfactoriamente. Pr tramite procesal | L39: 15 | M39: 15 | N39: 15 | O39: 15 | P39: 15 | Q39: 0 | R39: 10 | S39: =SUM(L39:R39) -> 85 | T39: =CONCATENATE(U39,V39) -> DÉBILDÉBIL | U39: =IF(S39<86,"DÉBIL",IF(S39<96,"MODERADO","FUERTE")) -> DÉBIL | V39: DÉBIL | W39: =VLOOKUP(T39,REFERENCIAS!$R$12:$S$20,2,FALSE) -> 0 | X39: =IF(W39=100,"NO","SI") -> SI
E40: Falta de incorporción de correspondencia o piezas procesales al expediente | K40: 11. Verificar cada vez que se allegue nueva documentación al expediente que se haya archivado según la instrucción anterior, en caso contrario, verificar que la auxiliar administrativa repita el proceso, hasta que se realice satisfactoriamente. Pr tramite procesal | L40: 15 | M40: 15 | N40: 15 | O40: 15 | P40: 15 | Q40: 0 | R40: 10 | S40: =SUM(L40:R40) -> 85 | T40: =CONCATENATE(U40,V40) -> DÉBILDÉBIL | U40: =IF(S40<86,"DÉBIL",IF(S40<96,"MODERADO","FUERTE")) -> DÉBIL | V40: DÉBIL | W40: =VLOOKUP(T40,REFERENCIAS!$R$12:$S$20,2,FALSE) -> 0 | X40: =IF(W40=100,"NO","SI") -> SI
E41: No notificarse oportunamente de las actuaciones y decisiones judiciales u omitir aportar material probatorio deliberadamente a los procesos | K41: Seguimiento al buzón electrónico de notificaciones judiciales y trazabilidad en las pruebas aportadas. Of. Asesora Jurídica | L41: 15 | M41: 15 | N41: 15 | O41: 15 | P41: 15 | Q41: 15 | R41: 10 | S41: =SUM(L41:R41) -> 100 | T41: =CONCATENATE(U41,V41) -> FUERTEFUERTE | U41: =IF(S41<86,"DÉBIL",IF(S41<96,"MODERADO","FUERTE")) -> FUERTE | V41: FUERTE | W41: =VLOOKUP(T41,REFERENCIAS!$R$12:$S$20,2,FALSE) -> 100 | X41: =IF(W41=100,"NO","SI") -> NO
B42: 7 | C42: Peculado por apropiación, omisión o aplicación oficial diferente de bienes del Estado o extravío, pérdida o daño de estos G financiero G bienes y servicios Atención farmaceútica | D42: CORRUPCIÓN | E42: Insuficiente apropiación de una cultura organizacional centrada en la transparencia y la anticorrupción | F42: Responsabilidad patrimonial de la institución por demandas judiciales y/o sanciones de organismos de vigilancia y control | G42: 3 | H42: 3 | I42: =CONCATENATE(G42,H42) -> 33 | J42: =VLOOKUP(I42,REFERENCIAS!$L$12:$M$36,2,FALSE) -> Alto | K42: Despliegue, conocimiento y apropiación del Código de Integridad | L42: 15 | M42: 15 | N42: 15 | O42: 15 | P42: 15 | Q42: 15 | R42: 10 | S42: =SUM(L42:R42) -> 100 | T42: =CONCATENATE(U42,V42) -> FUERTEFUERTE | U42: =IF(S42<86,"DÉBIL",IF(S42<96,"MODERADO","FUERTE")) -> FUERTE | V42: FUERTE | W42: =VLOOKUP(T42,REFERENCIAS!$R$12:$S$20,2,FALSE) -> 100 | X42: =IF(W42=100,"NO","SI") -> NO | Y42: =IF(AVERAGE(W42:W48)<50,"DÉBIL",IF(AVERAGE(W42:W48)<100,"MODERADO","FUERTE")) -> MODERADO | Z42: DIRECTAMENTE | AA42: INDIRECTAMENTE | AB42: =CONCATENATE(Y42,Z42,AA42) -> MODERADODIRECTAMENTEINDIRECTAMENTE | AC42: =VLOOKUP(AB42,REFERENCIAS!$X$11:$Z$19,2,FALSE) -> 1 | AD42: =VLOOKUP(AB42,REFERENCIAS!$X$11:$Z$19,3,FALSE) -> 0 | AE42: =IF(G42-AC42<1,1,G42-AC42) -> 2 | AF42: =IF(H42-AD42<1,1,H42-AD42) -> 3 | AG42: =CONCATENATE(AE42,AF42) -> 23 | AH42: =VLOOKUP(AG42,REFERENCIAS!$L$12:$M$36,2,FALSE) -> Moderado | AI42: EVITAR
E43: Hurto de bienes de la empresa. Insumos hospitalarios y generales o dineros recaudados en la prestación de los servicios | F43: Deterioro de la imagen institucional | K43: Aplicación del instructivo de cuadre de caja, en cuanto a cuadre de caja diario en el sistema y arqueo de caja mensual por tesorería y mínimo trimestral en la UPSS por el Coordinador Administrativo. En caso de inconsistencias en el cuadre de caja diario, realizar ajustes si no falta dinero y cancelar el faltante en caso de que falte dinero. En caso de no pago del faltante notificar a procesos disciplinarios | L43: 15 | M43: 15 | N43: 15 | O43: 15 | P43: 15 | Q43: 15 | R43: 10 | S43: =SUM(L43:R43) -> 100 | T43: =CONCATENATE(U43,V43) -> FUERTEFUERTE | U43: =IF(S43<86,"DÉBIL",IF(S43<96,"MODERADO","FUERTE")) -> FUERTE | V43: FUERTE | W43: =VLOOKUP(T43,REFERENCIAS!$R$12:$S$20,2,FALSE) -> 100 | X43: =IF(W43=100,"NO","SI") -> NO
E44: Controles deficientes al interior de cada proceso que generan decisiones autónomas en los servidores | F44: Ineficiencia administrativa. | K44: Aplicación del instructivo de preanulacion - anulación de facturas, en cuanto generar reporte de dicuments a anularque cumplamn con los criterios de anulacion, indentificar casos de preanulación que no corresponden con lso criterios. Hacer investigación correspondientes y remitir a procesos disciplinarios cuando amerita | L44: 15 | M44: 0 | N44: 15 | O44: 15 | P44: 15 | Q44: 15 | R44: 10 | S44: =SUM(L44:R44) -> 85 | T44: =CONCATENATE(U44,V44) -> DÉBILMODERADO | U44: =IF(S44<86,"DÉBIL",IF(S44<96,"MODERADO","FUERTE")) -> DÉBIL | V44: MODERADO | W44: =VLOOKUP(T44,REFERENCIAS!$R$12:$S$20,2,FALSE) -> 0 | X44: =IF(W44=100,"NO","SI") -> SI
F45: Detrimento patrimonial. | K45: Generar y analizar reporte de anulación de facturas mensualmente, en caso de inconsistencia realizar el análisis con el Coordinador Administrativo y generar el informe para el comité financiero | L45: 15 | M45: 15 | N45: 15 | O45: 10 | P45: 0 | Q45: 15 | R45: 10 | S45: =SUM(L46:R46) -> 100 | T45: =CONCATENATE(U45,V45) -> FUERTEDÉBIL | U45: =IF(S45<86,"DÉBIL",IF(S45<96,"MODERADO","FUERTE")) -> FUERTE | V45: DÉBIL | W45: =VLOOKUP(T45,REFERENCIAS!$R$12:$S$20,2,FALSE) -> 0 | X45: =IF(W45=100,"NO","SI") -> SI
F46: Sanciones disciplinarias, fiscales y/o penales a los funcionarios | K46: Servicios de farmacia: Definir mínimo una vez por semana el grupo de productos a verificar, los cuales deben ser consecutivos en su código y no puede ser inferir al 25% del número total de productos almacenados, garantizando que en un mes se cuente la totalidad de los insumos almacenados. Almacenes y Centro de Distribución: Definir mensualmente el grupo de productos a verificar, los cuales deben ser consecutivos en su código y no puede ser inferior al 50% del total de los insumos almacenados por bodega, garantizando que en dos meses consecutivos se cuente la totalidad de los insumos almacenados. Elaborar y remitir a la Directora Administrativa o al Director de UPSS, según corresponda, la solicitud de descargos y compensaciones dentro de los 15 días hábiles siguientes a la notificación del inventario, adjuntando cuando sea del caso, copia de los documentos que evidencian errores en registro. | L46: 15 | M46: 15 | N46: 15 | O46: 15 | P46: 15 | Q46: 15 | R46: 10 | S46: =SUM(L46:R46) -> 100 | T46: =CONCATENATE(U46,V46) -> FUERTEFUERTE | U46: =IF(S46<86,"DÉBIL",IF(S46<96,"MODERADO","FUERTE")) -> FUERTE | V46: FUERTE | W46: =VLOOKUP(T46,REFERENCIAS!$R$12:$S$20,2,FALSE) -> 100 | X46: =IF(W46=100,"NO","SI") -> NO
K47: Determinar, (semanal), el origen de las diferencias en los registros del sistema y documentos físicos, identificando el motivo de la irregularidad y tomando copia de los documentos que la soportan. En los casos de diferencias, Digitar, cuando sea del caso, bajo el documento inventario físico (IF o IF1) solo los productos que van ser ajustados. | L47: 15 | M47: 15 | N47: 15 | O47: 15 | P47: 15 | Q47: 15 | R47: 10 | S47: =SUM(L47:R47) -> 100 | T47: =CONCATENATE(U47,V47) -> FUERTEFUERTE | U47: =IF(S47<86,"DÉBIL",IF(S47<96,"MODERADO","FUERTE")) -> FUERTE | V47: FUERTE | W47: =VLOOKUP(T47,REFERENCIAS!$R$12:$S$20,2,FALSE) -> 100 | X47: =IF(W47=100,"NO","SI") -> NO
K48: Recibir en el servicio los medicamentos y dispositivos médicos devueltos y verificar que coincidan con lo consignado en el documento de devolución. (Cada vez que se haga una devolución). En caso de presentarse inconsistencias acordar con la Enfermera del servicio. Verificar que los medicamentos y dispositivos médicos a devolver cumplan con las condiciones técnicas establecidas (sin marcas, tachones y signos de deterioro) | L48: 15 | M48: 15 | N48: 15 | O48: 10 | P48: 15 | Q48: 15 | R48: 10 | S48: =SUM(L48:R48) -> 95 | T48: =CONCATENATE(U48,V48) -> FUERTEMODERADO | U48: FUERTE | V48: MODERADO | W48: =VLOOKUP(T48,REFERENCIAS!$R$12:$S$20,2,FALSE) -> 50 | X48: =IF(W48=100,"NO","SI") -> SI

Sheet RIESGOS CORRUP 2026 ESE CALDAS
A1: ESE HOSPÍTAL SAN VICENTE DE PAUL DE CALDAS - ANTIOQUIA
A2: MATRIZ RIESGOS CORRUPCIÓN 2026
A3: PROCESO | B3: CÓDIGO | C3: IDENTIFICACIÓN DE RIESGOS | H3: RIESGO INHERENTE | L3: CONTROLES EXISTENTES (BARRERAS) | M3: DISEÑO DEL CONTROL | W3: EJECUCIÓN DEL CONTROL | X3: RESULTADO DE EVALUACIÓN DE CONTROLES | AF3: CALIFICACIÓN DEL RIESGO DESPUÉS DE CONTROLES | AI3: RIESGO RESIDUAL
C4: RIESGO - DESCRIPCIÓN | D4: TIPO DE RIESGO | E4: CAUSAS INMEDIATA | F4: CAUSA RAIZ | G4: ¿QUÉ? IMPACTO | H4: PROBABILIDAD | I4: IMPACTO | J4: NIVEL DE RIESGO | K4: ZONA DE RIESGO | M4: ASIGNACIÓN DE RESPONSABLE PARA LA EJECUCIÓN DEL CONTROL | N4: SEGREGACIÓN Y AUTORIDAD DEL RESPONSABLE | O4: PERIODICIDAD EN LA EJECUCIÓN | P4: PROPÓSITO DEL CONTROL (DETECTIVO O PREVENTIVO) | Q4: COMO SE REALIZA LA ACTIVIDAD DE CONTROL | R4: QUE PASA CON LAS OBSERVACIONES O DESVIACIONES | S4: EVIDENCIA DE LA EJECUCIÓN DEL CONTROL | T4: SUMATORIA DISEÑO | U4: RESULTADO EVALUACIÓN DEL CONTROL | V4: PESO DEL R/ DISEÑO DEL CONTROL | W4: CALIFICACIÓN DE LA EJECUCIÓN DEL CONTROL FUERTE 100 CONSISTENTE MODERADO: 50 ALGUNAS VECES DÉBIL 0 NO SE EJECUTA | X4: SOLIDEZ INDIVIDUAL DEL CONTROL | Y4: REQUIERE ACCIONES DE MEJORA | Z4: SOLIDEZ DEL CONJUNTO DE CONTROLES FUERTE 100 MODERADO 50 A 99 DEBIL MENOR A 50 | AA4: DISMINUYE PROBABILIDAD SI LA SOLIDEZ DE CONJUNTO ES DEBIL NO DOSIMINUYE | AB4: DISMINUYE IMPACTO SI LA SOLIDEZ DE CONJUNTO ES DEBIL NO DOSIMINUYE | AD4: DESPLAZAMIENTO EN EJE DE PROBABILIDAD | AE4: DESPLAZAMIENTO EN EJE DE IMPACTO | AF4: PROBABILIDAD | AG4: IMPACTO | AJ4: OPCIÓN DE MANEJO | AK4: ACCION DE MEJORA | AL4: SEGUIMIENTO-AVANCE
A5: • Gestión financiera • Gestión jurídica (contratación y supervisión de contratos) | B5: 1 | C5: Posibilidad de recibir o solicitar cualquier dádiva o beneficio a nombre propio o de terceros para afectar las liquidaciones de pagos o registrar dineros que no han ingresado a las cuentas bancarias, con el fin de beneficiar a un responsable del pago de los mismos. | D5: CORRUPCIÓN | E5: • Por Influencia de terceros en la actuación del personal responsable del proceso | F5: A causa de falta de trasparencia | G5: Económico | H5: 3 | I5: 5 | J5: =CONCATENATE(H5,I5) -> 35 | K5: =VLOOKUP(J5,REFERENCIAS!$L$12:$M$36,2,FALSE) -> Extremo | L5: • Revisa las facturas con sus soportes y clasifica por proveedor (Carpeta por proveedor); cuando detecte errores o falta de soportes devuelve a contabilidad. | M5: 15 | N5: 15 | O5: 15 | P5: 10 | Q5: 15 | R5: 15 | S5: 10 | T5: =SUM(M5:S5) -> 95 | U5: =CONCATENATE(V5,W5) -> MODERADOFUERTE | V5: =IF(T5<86,"DÉBIL",IF(T5<96,"MODERADO","FUERTE")) -> MODERADO | W5: FUERTE | X5: =VLOOKUP(U5,REFERENCIAS!$R$12:$S$20,2,FALSE) -> 50 | Y5: =IF(X5=100,"NO","SI") -> SI | Z5: =IF(AVERAGE(X5:X11)<50,"DÉBIL",IF(AVERAGE(X5:X11)<100,"MODERADO","FUERTE")) -> DÉBIL | AA5: NO DISMINUYE | AB5: NO DISMINUYE | AC5: =CONCATENATE(Z5,AA5,AB5) -> DÉBILNO DISMINUYENO DISMINUYE | AD5: =VLOOKUP(AC5,REFERENCIAS!$X$11:$Z$19,2,FALSE) -> 0 | AE5: =VLOOKUP(AC5,REFERENCIAS!$X$11:$Z$19,3,FALSE) -> 0 | AF5: =IF(H5-AD5<1,1,H5-AD5) -> 3 | AG5: =IF(I5-AE5<1,1,I5-AE5) -> 5 | AH5: =CONCATENATE(AF5,AG5) -> 35 | AI5: =VLOOKUP(AH5,REFERENCIAS!$L$12:$M$36,2,FALSE) -> Extremo | AJ5: EVITAR | AK5: • Actualizar el procedimiento de pagos con el control de verificar la causación por parte del tesorero en el software. | AL5: • Se programa actualización para el 2026.
E6: Posible manipulación de la información del aplicativo de cartera en la conciliación de glosas con entidades | F6: Debido a la falta de auditorias | G6: Economico y Reputacional | L6: • Autorizar conciliación de cartera en el tema de glosas con entidades desde Gerencia. | M6: 0 | N6: 0 | O6: 0 | P6: 0 | Q6: 0 | R6: 0 | S6: 10 | T6: =SUM(M6:S6) -> 10 | U6: =CONCATENATE(V6,W6) -> DÉBILFUERTE | V6: =IF(T6<86,"DÉBIL",IF(T6<96,"MODERADO","FUERTE")) -> DÉBIL | W6: FUERTE | X6: =VLOOKUP(U6,REFERENCIAS!$R$12:$S$20,2,FALSE) -> 0 | Y6: =IF(X6=100,"NO","SI") -> SI | AK6: • Actualizar el control en el procedimiento de cartera. | AL6: • Se programa actualización para el 2026.
L7: • Realizar conciliación mensual entre contabilidad y facturación de valores facturado mes, notas crédito y notas debito en el formato definido por la entidad. En caso de inconsistencia contabilidad reporta a facturación para el ajuste y anulación. | M7: 15 | N7: 15 | O7: 15 | P7: 10 | Q7: 15 | R7: 15 | S7: 5 | T7: =SUM(M7:S7) -> 90 | U7: =CONCATENATE(V7,W7) -> MODERADOMODERADO | V7: =IF(T7<86,"DÉBIL",IF(T7<96,"MODERADO","FUERTE")) -> MODERADO | W7: MODERADO | X7: =VLOOKUP(U7,REFERENCIAS!$R$12:$S$20,2,FALSE) -> 50 | Y7: =IF(X7=100,"NO","SI") -> SI | AK7: • Ajustar procedimientos con este control. | AL7: Pendiente ajustar procedimiento de conciliación durante el año 2026
L8: • Realizar conciliación mensual con contabilidad módulo de cartera de saldos, por terceros, cuentas contables y por régimen, en el formato definido por la entidad. Adicionalmente fuente de recibos de caja. En caso de inconsistencias contabilidad reporta al responsable de la inconsistencia (facturación y cartera). | M8: 15 | N8: 15 | O8: 15 | P8: 10 | Q8: 15 | R8: 15 | S8: 5 | T8: =SUM(M8:S8) -> 90 | U8: =CONCATENATE(V8,W8) -> MODERADOMODERADO | V8: =IF(T8<86,"DÉBIL",IF(T8<96,"MODERADO","FUERTE")) -> MODERADO | W8: MODERADO | X8: =VLOOKUP(U8,REFERENCIAS!$R$12:$S$20,2,FALSE) -> 50 | Y8: =IF(X8=100,"NO","SI") -> SI | AK8: • Ajustar procedimientos con este control. | AL8: • Se está trabajando en el ajuste y se programa para el 2026.
L9: • Verificar que la nota crédito coincida con la conciliación y con la glosa. En caso de inconsistencias informar a la Subgerencia Administrativa y Gerencia para el respectivo ajuste. | M9: 0 | N9: 0 | O9: 0 | P9: 0 | Q9: 0 | R9: 0 | S9: 10 | T9: =SUM(M9:S9) -> 10 | U9: =CONCATENATE(V9,W9) -> DÉBILFUERTE | V9: =IF(T9<86,"DÉBIL",IF(T9<96,"MODERADO","FUERTE")) -> DÉBIL | W9: FUERTE | X9: =VLOOKUP(U9,REFERENCIAS!$R$12:$S$20,2,FALSE) -> 0 | Y9: =IF(X9=100,"NO","SI") -> SI | AK9: • Elaborar procedimiento de conciliación con este control e incluir la aprobación del comité de conciliación. • Parametrizar los permisos en el software para los módulos de cartera. (Radicación por cartera vs notas créditos de facturas lo hace cuentas medicas). | AL9: • Se está trabajando en el documento del procedimiento de conciliación con este control y luego pasara a la aprobación del comité de conciliación.
E10: Debilidades en la definición de controles en el procedimiento de pagos. | F10: debido a la rotación del personal | G10: Económico | L10: • Realizar conciliaciones bancarias mensuales sin pendientes, acorde con el procedimiento y en el formato definido por la entidad. | M10: 15 | N10: 15 | O10: 15 | P10: 10 | Q10: 15 | R10: 15 | S10: 10 | T10: =SUM(M10:S10) -> 95 | U10: =CONCATENATE(V10,W10) -> MODERADOFUERTE | V10: =IF(T10<86,"DÉBIL",IF(T10<96,"MODERADO","FUERTE")) -> MODERADO | W10: FUERTE | X10: =VLOOKUP(U10,REFERENCIAS!$R$12:$S$20,2,FALSE) -> 50 | Y10: =IF(X10=100,"NO","SI") -> SI | AK10: • Ajustar procedimientos. | AL10: • Pendiente elaborar procedimiento de conciliación bancarias.
E11: Debilidades en el diligenciamiento del aval y soportes anexos, para el pago de las facturas presentadas por proveedores | F11: debido a la falta de capacitaciones del personal | G11: Económico | L11: • Realiza la priorización de cuentas por pagar; teniendo en cuenta el “Informe de cuentas por pagar con priorización de pagos” y las políticas adoptadas por la ESE para el pago a proveedores. Esta priorización se debe comunicar al área de tesorería. Ajuste: Verificar que los pagos se hayan realizado acorde con la priorización definida | M11: 15 | N11: 15 | O11: 15 | P11: 10 | Q11: 15 | R11: 15 | S11: 0 | T11: =SUM(M11:S11) -> 85 | U11: =CONCATENATE(V11,W11) -> DÉBILFUERTE | V11: =IF(T11<86,"DÉBIL",IF(T11<96,"MODERADO","FUERTE")) -> DÉBIL | W11: FUERTE | X11: =VLOOKUP(U11,REFERENCIAS!$R$12:$S$20,2,FALSE) -> 0 | Y11: =IF(X11=100,"NO","SI") -> SI | AK11: • Ajustar procedimiento pagos y que tenga un control de verificación de pagos vs priorización. • Documentar la priorización como se hace | AL11: • Pendiente para el 2026 ajustar procedimiento pagos y que tenga un control de verificación de pagos vs priorización.
A12: Gestión De Las Comunicaciones | B12: 2 | C12: Falta de veracidad o inexactitud en la información con destino a los grupos de interés, para beneficio de un tercero. | D12: OPACIDAD | E12: Falta de control y seguimiento a cada una de las tipologías de las publicaciones con destino a los grupos de interés. Falta de controles previos de la información por parte de las dependencias. | F12: Debido a la falta de procedimientos documentados dentro de la E.S.E | G12: Reputacional | H12: 1 | I12: 4 | J12: =CONCATENATE(H12,I12) -> 14 | K12: =VLOOKUP(J12,REFERENCIAS!$L$12:$M$36,2,FALSE) -> Alto | L12: • Revisión de las piezas comunicativas de publicación con los respectivos avales de las dependencias involucradas. | M12: 15 | N12: 15 | O12: 15 | P12: 15 | Q12: 15 | R12: 15 | S12: 10 | T12: =SUM(M12:S12) -> 100 | U12: =CONCATENATE(V12,W12) -> FUERTEFUERTE | V12: =IF(T12<86,"DÉBIL",IF(T12<96,"MODERADO","FUERTE")) -> FUERTE | W12: FUERTE | X12: =VLOOKUP(U12,REFERENCIAS!$R$12:$S$20,2,FALSE) -> 100 | Y12: =IF(X12=100,"NO","SI") -> NO | Z12: =IF(AVERAGE(X12:X13)<50,"DÉBIL",IF(AVERAGE(X12:X13)<100,"MODERADO","FUERTE")) -> FUERTE | AA12: DIRECTAMENTE | AB12: DIRECTAMENTE | AC12: =CONCATENATE(Z12,AA12,AB12) -> FUERTEDIRECTAMENTEDIRECTAMENTE | AD12: =VLOOKUP(AC12,REFERENCIAS!$X$11:$Z$19,2,FALSE) -> 2 | AE12: =VLOOKUP(AC12,REFERENCIAS!$X$11:$Z$19,3,FALSE) -> 2 | AF12: =IF(H12-AD12<1,1,H12-AD12) -> 1 | AG12: =IF(I12-AE12<1,1,I12-AE12) -> 2 | AH12: =CONCATENATE(AF12,AG12) -> 12 | AI12: =VLOOKUP(AH12,REFERENCIAS!$L$12:$M$36,2,FALSE) -> Bajo | AJ12: EVITAR | AK12: • Se creó el procedimiento de solicitud de comunicación. | AL12: • Se socializo el procedimiento con los funcionarios y se continuara durante la vigencia 2026.
E13: Ausencia de procesos y procedimientos actualizados | F13: A causa de la rotación del personal | G13: Reputacional | L13: • Definición del procedimiento con sus respectivos controles, en relación con la comunicación organizacional. | M13: 15 | N13: 15 | O13: 15 | P13: 15 | Q13: 15 | R13: 15 | S13: 10 | T13: =SUM(M13:S13) -> 100 | U13: =CONCATENATE(V13,W13) -> FUERTEFUERTE | V13: =IF(T13<86,"DÉBIL",IF(T13<96,"MODERADO","FUERTE")) -> FUERTE | W13: FUERTE | X13: =VLOOKUP(U13,REFERENCIAS!$R$12:$S$20,2,FALSE) -> 100 | Y13: =IF(X13=100,"NO","SI") -> NO | AK13: • Se creó el documento manual de identidad de identidad grafica. | AL13: • Se actualizo y socializo el procedimiento con los funcionarios y se continuara durante la vigencia 2026.
A14: Gestión Gobierno Digital Y Tic´S (gestión Documental) | B14: 3 | C14: Posibilidad de recibir o solicitar cualquier dádiva o beneficio a nombre propio o de terceros al manipular/incluir/extraer documentos a cualquier expediente en custodia del archivo. | D14: CORRUPCIÓN | E14: Omisión de los procedimientos definidos para la consulta de los documentos | F14: Debido a la falta de controles | G14: Economico y Reputacional | H14: 2 | I14: 5 | J14: =CONCATENATE(H14,I14) -> 25 | K14: =VLOOKUP(J14,REFERENCIAS!$L$12:$M$36,2,FALSE) -> Extremo | L14: • Restricción de entrada al archivo del personal que no está autorizado. • Política de operación | M14: 15 | N14: 15 | O14: 15 | P14: 10 | Q14: 15 | R14: 0 | S14: 10 | T14: =SUM(M14:S14) -> 80 | U14: =CONCATENATE(V14,W14) -> DÉBILDÉBIL | V14: =IF(T14<86,"DÉBIL",IF(T14<96,"MODERADO","FUERTE")) -> DÉBIL | W14: DÉBIL | X14: =VLOOKUP(U14,REFERENCIAS!$R$12:$S$20,2,FALSE) -> 0 | Y14: =IF(X14=100,"NO","SI") -> SI | Z14: =IF(AVERAGE(X14:X17)<50,"DÉBIL",IF(AVERAGE(X14:X17)<100,"MODERADO","FUERTE")) -> DÉBIL | AA14: NO DISMINUYE | AB14: NO DISMINUYE | AC14: =CONCATENATE(Z14,AA14,AB14) -> DÉBILNO DISMINUYENO DISMINUYE | AD14: =VLOOKUP(AC14,REFERENCIAS!$X$11:$Z$19,2,FALSE) -> 0 | AE14: =VLOOKUP(AC14,REFERENCIAS!$X$11:$Z$19,3,FALSE) -> 0 | AF14: =IF(H14-AD14<1,1,H14-AD14) -> 2 | AG14: =IF(I14-AE14<1,1,I14-AE14) -> 5 | AH14: =CONCATENATE(AF14,AG14) -> 25 | AI14: =VLOOKUP(AH14,REFERENCIAS!$L$12:$M$36,2,FALSE) -> Extremo | AJ14: EVITAR | AK14: • Actualización PGD. | AL14: • Se realizo invitación publica en 2026 para la contratación integral del proceso de gestión documental y SGDA(sistema de gestión documental electrónica de archivos) ya que este contiene todos los instrumentos archivísticos.
L15: • Realizar una doble verificación en el proceso de contestación. • Pr Administración de Correspondencia, (incluye el aplicativo institucional) | M15: 15 | N15: 0 | O15: 15 | P15: 10 | Q15: 15 | R15: 0 | S15: 0 | T15: =SUM(M15:S15) -> 55 | U15: =CONCATENATE(V15,W15) -> DÉBILMODERADO | V15: =IF(T15<86,"DÉBIL",IF(T15<96,"MODERADO","FUERTE")) -> DÉBIL | W15: MODERADO | X15: =VLOOKUP(U15,REFERENCIAS!$R$12:$S$20,2,FALSE) -> 0 | Y15: =IF(X15=100,"NO","SI") -> SI | AK15: • Incluir control en el procedimiento de archivo administrativo el control de restricción. • Ajustar en clínico y administrativo, describiendo que hacer en caso de un ingreso no autorizado. | AL15: • Continua pendiente actualización del procedimiento, que incluya el control de ingreso para archivo clínico y administrativo y que hacer en caso que se materialice.
L16: • Aplicación del formato de entrega de documentos al interior. | M16: 15 | N16: 15 | O16: 15 | P16: 10 | Q16: 15 | R16: 0 | S16: 10 | T16: =SUM(M16:S16) -> 80 | U16: =CONCATENATE(V16,W16) -> DÉBILMODERADO | V16: =IF(T16<86,"DÉBIL",IF(T16<96,"MODERADO","FUERTE")) -> DÉBIL | W16: MODERADO | X16: =VLOOKUP(U16,REFERENCIAS!$R$12:$S$20,2,FALSE) -> 0 | Y16: =IF(X16=100,"NO","SI") -> SI | AK16: • Ajustar el control con los criterios que faltan, mejorar segregación, oportunidad, que pasa con las observaciones, que evidencia queda | AL16: • Se realizo invitación publica en 2026 para la contratación integral del proceso de gestión documental y SGDA(sistema de gestión documental electrónica de archivos) ya que este contiene todos los instrumentos archivísticos.
L17: • Seguimiento y control para el retiro de expedientes del archivo (formato Afuera). | M17: 15 | N17: 15 | O17: 15 | P17: 10 | Q17: 15 | R17: 0 | S17: 10 | T17: =SUM(M17:S17) -> 80 | U17: =CONCATENATE(V17,W17) -> DÉBILMODERADO | V17: =IF(T17<86,"DÉBIL",IF(T17<96,"MODERADO","FUERTE")) -> DÉBIL | W17: MODERADO | X17: =VLOOKUP(U17,REFERENCIAS!$R$12:$S$20,2,FALSE) -> 0 | Y17: =IF(X17=100,"NO","SI") -> SI | AK17: • Documentar el control en archivo administrativos clínico. | AL17: • Se está ejecutando un control tanto físico como virtual.
A18: • Gestión jurídica: contratación Y supervisión de contratos • Gestión Recursos y logística: compras • Gestión talento humano e integridad por pago a proveedores | B18: 4 | C18: Tráfico de influencias (amiguismo, persona influyente, clientelismo) | D18: CORRUPCIÓN | E18: Proceso de ingresos de personal sin cumplimiento de perfil y competencias. | F18: A causa de la Falta de verificación de requisitos del personal que ingresa a la Entidad | G18: Economico y Reputacional | H18: 2 | I18: 4 | J18: =CONCATENATE(H18,I18) -> 24 | K18: =VLOOKUP(J18,REFERENCIAS!$L$12:$M$36,2,FALSE) -> Alto | L18: • Validar y verificar el cumplimiento de documentos y requisitos; una vez el candidato entregue los documentos a la dirección de gestión humana. • Esta verificación se realiza de acuerdo con lo especificado en el Manual de Funciones y Competencias “MA.GH.GTH-01 Manual Funciones Planta Global - Permanente” o “MA.GH.GHT-02 Manual Funciones Planta Temporal” y se debe dejar registro en el formato FR.GH.GTH-01 Lista de chequeo de documentos hoja de vida • Procedimiento de selección y vinculación de funciones | M18: 15 | N18: 15 | O18: 15 | P18: 10 | Q18: 15 | R18: 15 | S18: 5 | T18: =SUM(M18:S18) -> 90 | U18: =CONCATENATE(V18,W18) -> MODERADOFUERTE | V18: =IF(T18<86,"DÉBIL",IF(T18<96,"MODERADO","FUERTE")) -> MODERADO | W18: FUERTE | X18: =VLOOKUP(U18,REFERENCIAS!$R$12:$S$20,2,FALSE) -> 50 | Y18: =IF(X18=100,"NO","SI") -> SI | Z18: =IF(AVERAGE(X18:X20)<50,"DÉBIL",IF(AVERAGE(X18:X20)<100,"MODERADO","FUERTE")) -> MODERADO | AA18: DIRECTAMENTE | AB18: INDIRECTAMENTE | AC18: =CONCATENATE(Z18,AA18,AB18) -> MODERADODIRECTAMENTEINDIRECTAMENTE | AD18: =VLOOKUP(AC18,REFERENCIAS!$X$11:$Z$19,2,FALSE) -> 1 | AE18: =VLOOKUP(AC18,REFERENCIAS!$X$11:$Z$19,3,FALSE) -> 0 | AF18: =IF(H18-AD18<1,1,H18-AD18) -> 1 | AG18: =IF(I18-AE18<1,1,I18-AE18) -> 4 | AH18: =CONCATENATE(AF18,AG18) -> 14 | AI18: =VLOOKUP(AH18,REFERENCIAS!$L$12:$M$36,2,FALSE) -> Alto | AJ18: EVITAR | AK18: • Actualizar los procedimientos y controles del proceso. | AL18: • Se continua con la verificación de los documentos y perfiles del personal nuevo en la E.S.E
E19: Inadecuada supervisión de los contratos a cargo del personal. | F19: Debido a la falta de capacitaciones a los supervisores | G19: Economico y Reputacional | L19: • Verificar que los servicios o bienes cobrados a la entidad, por los proveedores y terceros, se encuentren pactados contractualmente, adicionalmente que en el caso de adquisición de bienes cuente con la entrada al almacén y en el caso de servicios cuente con el recibido a satisfacción a partir de los soportes debidamente presentados. (Cumplir con las descripciones y obligaciones de la supervisión de contratos) | M19: 15 | N19: 15 | O19: 15 | P19: 10 | Q19: 15 | R19: 15 | S19: 10 | T19: =SUM(M19:S19) -> 95 | U19: =CONCATENATE(V19,W19) -> MODERADOMODERADO | V19: =IF(T19<86,"DÉBIL",IF(T19<96,"MODERADO","FUERTE")) -> MODERADO | W19: MODERADO | X19: =VLOOKUP(U19,REFERENCIAS!$R$12:$S$20,2,FALSE) -> 50 | Y19: =IF(X19=100,"NO","SI") -> SI | AK19: • Revisar documentos de supervisión que estén actualizados y codificados para socializar y aplicar. | AL19: • Se continua con las capacitaciones trimestralmente a los supervisores de contratos.
E20: Actuaciones por fuera de los valores institucionales y lo definido en el Código de Integridad | F20: Debido a la falta de socialización y actualización del código de integridad | G20: Reputacional | L20: • Aplicación y seguimiento del Código de Integridad | M20: 15 | N20: 15 | O20: 15 | P20: 15 | Q20: 15 | R20: 15 | S20: 10 | T20: =SUM(M20:S20) -> 100 | U20: =CONCATENATE(V20,W20) -> FUERTEMODERADO | V20: =IF(T20<86,"DÉBIL",IF(T20<96,"MODERADO","FUERTE")) -> FUERTE | W20: MODERADO | X20: =VLOOKUP(U20,REFERENCIAS!$R$12:$S$20,2,FALSE) -> 50 | Y20: =IF(X20=100,"NO","SI") -> SI | AK20: • Actualizar y desplegar el código ético integridad. | AL20: • Se actualiza el código de integridad y se continua con la divulgación y socialización del mismo.
A21: • Direccionamiento estratégico • Sistemas de información • Gestión. Jurídica: contratación Y supervisión de contratos • Gestión Recursos y logística: compras • Gestión talento humano e integridad • Atención en salud | B21: 5 | C21: Extralimitación de funciones | D21: CORRUPCIÓN | E21: Intereses particulares en el logro de los objetivos | F21: Debido a la falta de controles | G21: Economico y Reputacional | H21: 3 | I21: 4 | J21: =CONCATENATE(H21,I21) -> 34 | K21: =VLOOKUP(J21,REFERENCIAS!$L$12:$M$36,2,FALSE) -> Extremo | L21: • Validación por parte de los jefes responsables de los procesos relacionados, de los productos generados por sus funcionarios | M21: 15 | N21: 15 | O21: 15 | P21: 10 | Q21: 15 | R21: 15 | S21: 10 | T21: =SUM(M21:S21) -> 95 | U21: =CONCATENATE(V21,W21) -> MODERADOMODERADO | V21: =IF(T21<86,"DÉBIL",IF(T21<96,"MODERADO","FUERTE")) -> MODERADO | W21: MODERADO | X21: =VLOOKUP(U21,REFERENCIAS!$R$12:$S$20,2,FALSE) -> 50 | Y21: =IF(X21=100,"NO","SI") -> SI | Z21: =IF(AVERAGE(X21:X24)<50,"DÉBIL",IF(AVERAGE(X21:X24)<100,"MODERADO","FUERTE")) -> DÉBIL | AA21: NO DISMINUYE | AB21: NO DISMINUYE | AC21: =CONCATENATE(Z21,AA21,AB21) -> DÉBILNO DISMINUYENO DISMINUYE | AD21: =VLOOKUP(AC21,REFERENCIAS!$X$11:$Z$19,2,FALSE) -> 0 | AE21: =VLOOKUP(AC21,REFERENCIAS!$X$11:$Z$19,3,FALSE) -> 0 | AF21: =IF(H21-AD21<1,1,H21-AD21) -> 3 | AG21: =IF(I21-AE21<1,1,I21-AE21) -> 4 | AH21: =CONCATENATE(AF21,AG21) -> 34 | AI21: =VLOOKUP(AH21,REFERENCIAS!$L$12:$M$36,2,FALSE) -> Extremo | AJ21: EVITAR | AK21: • Documentar la metodología de evaluación del desempeño, acuerdos de gestión y seguimiento al desempeño a provisionales. | AL21: • Revisar para el año 2026 el documento procedimiento evaluación de desempeño y seguimiento de personal y si es necesario actualizarlo o aplicarlo.
E22: Deficiencias en la adherencia a procesos y procedimientos | F22: A causa de la alta rotación de personal | G22: Reputacional | L22: • Seguimiento a las PQRS y socializar el informe trimestral ante el Comité de Gerencia. • Generar planes de mejoramiento con base en la información presentada Pr PQRSF | M22: 15 | N22: 15 | O22: 15 | P22: 10 | Q22: 15 | R22: 15 | S22: 10 | T22: =SUM(M22:S22) -> 95 | U22: =CONCATENATE(V22,W22) -> MODERADOFUERTE | V22: =IF(T22<86,"DÉBIL",IF(T22<96,"MODERADO","FUERTE")) -> MODERADO | W22: FUERTE | X22: =VLOOKUP(U22,REFERENCIAS!$R$12:$S$20,2,FALSE) -> 50 | Y22: =IF(X22=100,"NO","SI") -> SI | AK22: • Socialización de PQRS. | AL22: • Se envía informe trimestral de PQRSF y se socializa con el comité.
E23: Actuaciones por fuera de los valores institucionales y lo definido en el Código de Integridad | F23: Debido a la falta de socialización y actualización del código de integridad | G23: Económico | L23: • Aplicación y seguimiento del Código de Integridad. | M23: 15 | N23: 15 | O23: 15 | P23: 15 | Q23: 15 | R23: 15 | S23: 10 | T23: =SUM(M23:S23) -> 100 | U23: =CONCATENATE(V23,W23) -> FUERTEMODERADO | V23: =IF(T23<86,"DÉBIL",IF(T23<96,"MODERADO","FUERTE")) -> FUERTE | W23: MODERADO | X23: =VLOOKUP(U23,REFERENCIAS!$R$12:$S$20,2,FALSE) -> 50 | Y23: =IF(X23=100,"NO","SI") -> SI | AK23: • Actualizar y desplegar el código ético integridad y bien gobierno. | AL23: • Se actualiza el código de integridad y se continua con la divulgación y socialización de este.
L24: • Implementación del proceso disciplinario en los casos que aplique, con la apertura seguimiento y cierre del mismo, sea con sanción o archivo según lo encontrado durante el proceso. | M24: 0 | N24: 0 | O24: 0 | P24: 0 | Q24: 0 | R24: 0 | S24: 0 | T24: =SUM(M24:S24) -> 0 | U24: =CONCATENATE(V24,W24) -> DÉBILMODERADO | V24: =IF(T24<86,"DÉBIL",IF(T24<96,"MODERADO","FUERTE")) -> DÉBIL | W24: MODERADO | X24: =VLOOKUP(U24,REFERENCIAS!$R$12:$S$20,2,FALSE) -> 0 | Y24: =IF(X24=100,"NO","SI") -> SI | AK24: • Oficina de control interno disciplinario. | AL24: • Se tiene jefe de control interno disciplinario el cual viene socializando y capacitando trimestralmente los funcionarios.
A25: • Gestión jurídica: contratación y supervisión de contratos • Gestión del talento humano e integridad • Procesos misionales | B25: 6 | C25: Cobro por realización de trámites (Concusión) | D25: CORRUPCIÓN | E25: Deficiencias en la adherencia a procesos y procedimientos | F25: Debido a la falta de controles | G25: Reputacional | H25: 2 | I25: 4 | J25: =CONCATENATE(H25,I25) -> 24 | K25: =VLOOKUP(J25,REFERENCIAS!$L$12:$M$36,2,FALSE) -> Alto | L25: • Validación por parte de los jefes responsables de los procesos relacionados, de los productos generados por sus funcionarios. | M25: 15 | N25: 15 | O25: 15 | P25: 10 | Q25: 15 | R25: 15 | S25: 10 | T25: =SUM(M25:S25) -> 95 | U25: =CONCATENATE(V25,W25) -> MODERADOMODERADO | V25: =IF(T25<86,"DÉBIL",IF(T25<96,"MODERADO","FUERTE")) -> MODERADO | W25: MODERADO | X25: =VLOOKUP(U25,REFERENCIAS!$R$12:$S$20,2,FALSE) -> 50 | Y25: =IF(X25=100,"NO","SI") -> SI | Z25: =IF(AVERAGE(X25:X26)<50,"DÉBIL",IF(AVERAGE(X25:X26)<100,"MODERADO","FUERTE")) -> MODERADO | AA25: DIRECTAMENTE | AB25: INDIRECTAMENTE | AC25: =CONCATENATE(Z25,AA25,AB25) -> MODERADODIRECTAMENTEINDIRECTAMENTE | AD25: =VLOOKUP(AC25,REFERENCIAS!$X$11:$Z$19,2,FALSE) -> 1 | AE25: =VLOOKUP(AC25,REFERENCIAS!$X$11:$Z$19,3,FALSE) -> 0 | AF25: =IF(H25-AD25<1,1,H25-AD25) -> 1 | AG25: =IF(I25-AE25<1,1,I25-AE25) -> 4 | AH25: =CONCATENATE(AF25,AG25) -> 14 | AI25: =VLOOKUP(AH25,REFERENCIAS!$L$12:$M$36,2,FALSE) -> Alto | AJ25: EVITAR | AK25: • Digitalizar y actualizar los documentos en las plataformas SECOP y SIGEP. | AL25: • Por transparencia de la E.S.E, se continua con las respectivas actualizaciones publicaciones en SECOP y SIGEP.
E26: Intereses particulares en el logro de los objetivos | F26: Debido a falta de controles en la contratación del personal | G26: Economico y Reputacional | L26: • Verificar que los servicios o bienes cobrados a la entidad, por los proveedores y terceros, se encuentren pactados contractualmente, adicionalmente que en el caso de adquisición de bienes cuente con la entrada al almacén y en el caso de servicios cuente con el recibido a satisfacción a partir de los soportes debidamente presentados. (Cumplir con las descripciones y obligaciones de la supervisión de contratos) | M26: 15 | N26: 15 | O26: 15 | P26: 10 | Q26: 15 | R26: 15 | S26: 10 | T26: =SUM(M26:S26) -> 95 | U26: =CONCATENATE(V26,W26) -> MODERADOMODERADO | V26: =IF(T26<86,"DÉBIL",IF(T26<96,"MODERADO","FUERTE")) -> MODERADO | W26: MODERADO | X26: =VLOOKUP(U26,REFERENCIAS!$R$12:$S$20,2,FALSE) -> 50 | Y26: =IF(X26=100,"NO","SI") -> SI | AK26: • Revisar decisión de plazos de pagos autorizados por los supervisores. | AL26: • Se capacita trimestralmente a los supervisores y se incluye la actividad dentro del POA.
A27: • Gestión Jurídica: contratación Y supervisión de contratos • Gestión financiera • Gestión humana e integridad • Procesos misionales | B27: 7 | C27: Manipulación del proceso definido en la normatividad externa o interna | D27: FRAUDE | E27: Deficiencias en la adherencia al Manual de contratación y supervisión vigente | F27: • Debido a la falta de actualización y socialización del manual de contratación. | G27: Económico | H27: 4 | I27: 5 | J27: =CONCATENATE(H27,I27) -> 45 | K27: =VLOOKUP(J27,REFERENCIAS!$L$12:$M$36,2,FALSE) -> Extremo | L27: • Verificar que los servicios o bienes cobrados a la entidad, por los proveedores y terceros, se encuentren pactados contractualmente, adicionalmente que en el caso de adquisición de bienes cuente con la entrada al almacén y en el caso de servicios cuente con el recibido a satisfacción a partir de los soportes debidamente presentados. (Cumplir con las descripciones y obligaciones de la supervisión de contratos). | M27: 15 | N27: 15 | O27: 15 | P27: 15 | Q27: 15 | R27: 0 | S27: 10 | T27: =SUM(M27:S27) -> 85 | U27: =CONCATENATE(V27,W27) -> DÉBILFUERTE | V27: =IF(T27<86,"DÉBIL",IF(T27<96,"MODERADO","FUERTE")) -> DÉBIL | W27: FUERTE | X27: =VLOOKUP(U27,REFERENCIAS!$R$12:$S$20,2,FALSE) -> 0 | Y27: =IF(X27=100,"NO","SI") -> SI | Z27: =IF(AVERAGE(X27:X30)<50,"DÉBIL",IF(AVERAGE(X27:X30)<100,"MODERADO","FUERTE")) -> DÉBIL | AA27: NO DISMINUYE | AB27: NO DISMINUYE | AC27: =CONCATENATE(Z27,AA27,AB27) -> DÉBILNO DISMINUYENO DISMINUYE | AD27: =VLOOKUP(AC27,REFERENCIAS!$X$11:$Z$19,2,FALSE) -> 0 | AE27: =VLOOKUP(AC27,REFERENCIAS!$X$11:$Z$19,3,FALSE) -> 0 | AF27: =IF(H27-AD27<1,1,H27-AD27) -> 4 | AG27: =IF(I27-AE27<1,1,I27-AE27) -> 5 | AH27: =CONCATENATE(AF27,AG27) -> 45 | AI27: =VLOOKUP(AH27,REFERENCIAS!$L$12:$M$36,2,FALSE) -> Extremo | AJ27: EVITAR | AK27: • Actualización del Manual de Contratación y anexos. | AL27: • Se actualiza la política del daño antijurídico y se programa actualización del estatuto de contratación y sus anexos para la vigencia 2026.
E28: Actuaciones por fuera de los valores institucionales y lo definido en el Código de Integridad | F28: Debido a la falta de socialización y actualización del código de integridad | G28: Reputacional | L28: • Aplicación y seguimiento del Código de Integridad. | M28: 15 | N28: 15 | O28: 15 | P28: 15 | Q28: 15 | R28: 15 | S28: 10 | T28: =SUM(M28:S28) -> 100 | U28: =CONCATENATE(V28,W28) -> FUERTEMODERADO | V28: =IF(T28<86,"DÉBIL",IF(T28<96,"MODERADO","FUERTE")) -> FUERTE | W28: MODERADO | X28: =VLOOKUP(U28,REFERENCIAS!$R$12:$S$20,2,FALSE) -> 50 | Y28: =IF(X28=100,"NO","SI") -> SI | AK28: • Actualización del Código de integridad. | AL28: • Se actualiza el código de integridad y se continua con la divulgación y socialización del mismo.
E29: Deficiencias en la adherencia a procesos y procedimientos | F29: A causa de no actualización y socialización de procesos y procedimientos | G29: Reputacional | L29: • Validación por parte de los jefes responsables de los procesos relacionados, de los productos generados por sus funcionarios. | M29: 15 | N29: 15 | O29: 15 | P29: 10 | Q29: 15 | R29: 15 | S29: 10 | T29: =SUM(M29:S29) -> 95 | U29: =CONCATENATE(V29,W29) -> MODERADOMODERADO | V29: =IF(T29<86,"DÉBIL",IF(T29<96,"MODERADO","FUERTE")) -> MODERADO | W29: MODERADO | X29: =VLOOKUP(U29,REFERENCIAS!$R$12:$S$20,2,FALSE) -> 50 | Y29: =IF(X29=100,"NO","SI") -> SI | AK29: • Actualización de procedimientos de GH y manual de supervisión. | AL29: • Se vienen actualizado documentos de talento humano como Código de integridad, políticas etc, igualmente se programa la actualización del manual de supervisión para el año 2026
E30: Registrar deliberadamente valores en la nómina que aumente el devengado establecido en la escala salarial vigente en beneficio propio o de otro servidor público | F30: Debido a la falta de controles | G30: Economico y Reputacional | L30: • Verificar que la parametrización del sistema de información en el módulo de nómina, cumpla con los requisitos normativos y necesidades de la ESE. | M30: 15 | N30: 15 | O30: 15 | P30: 10 | Q30: 15 | R30: 15 | S30: 10 | T30: =SUM(M30:S30) -> 95 | U30: =CONCATENATE(V30,W30) -> MODERADOFUERTE | V30: =IF(T30<86,"DÉBIL",IF(T30<96,"MODERADO","FUERTE")) -> MODERADO | W30: FUERTE | X30: =VLOOKUP(U30,REFERENCIAS!$R$12:$S$20,2,FALSE) -> 50 | Y30: =IF(X30=100,"NO","SI") -> SI | AK30: • Parametrización del módulo de nomina. | AL30: • Se parametrizo el módulo de nómina según las necesidades de la E.S.E, conceptos básicos de nómina.
A31: • Gestión Jurídica: contratación Y supervisión de contratos • Gestión financiera • Gestión recursos y logística • Atención en salud (servicio farmacéutico) | B31: 8 | C31: Peculado por apropiación, omisión o aplicación oficial diferente de bienes del Estado o extravío, pérdida o daño de estos | D31: CORRUPCIÓN | E31: Actuaciones por fuera de los valores institucionales y lo definido en el Código de Integridad | F31: • Debido a la falta de socialización y actualización del código de integridad. | G31: Reputacional | H31: 2 | I31: 4 | J31: =CONCATENATE(H31,I31) -> 24 | K31: =VLOOKUP(J31,REFERENCIAS!$L$12:$M$36,2,FALSE) -> Alto | L31: • Aplicación y seguimiento del Código de Integridad | M31: 15 | N31: 15 | O31: 15 | P31: 15 | Q31: 15 | R31: 15 | S31: 10 | T31: =SUM(M31:S31) -> 100 | U31: =CONCATENATE(V31,W31) -> FUERTEMODERADO | V31: =IF(T31<86,"DÉBIL",IF(T31<96,"MODERADO","FUERTE")) -> FUERTE | W31: MODERADO | X31: =VLOOKUP(U31,REFERENCIAS!$R$12:$S$20,2,FALSE) -> 50 | Y31: =IF(X31=100,"NO","SI") -> SI | Z31: =IF(AVERAGE(X31:X42)<50,"DÉBIL",IF(AVERAGE(X31:X42)<100,"MODERADO","FUERTE")) -> DÉBIL | AA31: NO DISMINUYE | AB31: NO DISMINUYE | AC31: =CONCATENATE(Z31,AA31,AB31) -> DÉBILNO DISMINUYENO DISMINUYE | AD31: =VLOOKUP(AC31,REFERENCIAS!$X$11:$Z$19,2,FALSE) -> 0 | AE31: =VLOOKUP(AC31,REFERENCIAS!$X$11:$Z$19,3,FALSE) -> 0 | AF31: =IF(H31-AD31<1,1,H31-AD31) -> 2 | AG31: =IF(I31-AE31<1,1,I31-AE31) -> 4 | AH31: =CONCATENATE(AF31,AG31) -> 24 | AI31: =VLOOKUP(AH31,REFERENCIAS!$L$12:$M$36,2,FALSE) -> Alto | AJ31: EVITAR | AK31: • Socialización Código de integridad. | AL31: • Se actualiza el código de integridad y se continua con la divulgación y socialización de este.
E32: Deficiencias en la adherencia al Manual de contratación | F32: Debido a la falta de actualización y socialización del manual de contratación. | G32: Economico y Reputacional | L32: • Aplicación del manual de contratación y seguimiento a su cumplimiento. | M32: 15 | N32: 15 | O32: 15 | P32: 15 | Q32: 15 | R32: 0 | S32: 10 | T32: =SUM(M32:S32) -> 85 | U32: =CONCATENATE(V32,W32) -> DÉBILMODERADO | V32: =IF(T32<86,"DÉBIL",IF(T32<96,"MODERADO","FUERTE")) -> DÉBIL | W32: MODERADO | X32: =VLOOKUP(U32,REFERENCIAS!$R$12:$S$20,2,FALSE) -> 0 | Y32: =IF(X32=100,"NO","SI") -> SI | AK32: • Actualizar los procedimientos y controles del proceso. | AL32: • Se programa actualización del manual de contratación y sus anexos para el año 2026, y se encuentra dentro las actividades del POA 2026.
E33: Deficiencias en la adherencia al Manual supervisión vigente | F33: Debido a la falta de actualización y socialización del manual de supervisión a los supervisores de los contratos | G33: Economico y Reputacional | L33: • Verificar que los servicios o bienes cobrados a la entidad, por los proveedores y terceros se encuentren pactados contractualmente, adicionalmente que en el caso de adquisición de bienes cuente con la entrada al almacén y en el caso de servicios cuente con el recibido a satisfacción a partir de los soportes debidamente presentados. (Cumplir con las descripciones y obligaciones de la supervisión de contratos) | M33: 15 | N33: 15 | O33: 15 | P33: 10 | Q33: 15 | R33: 15 | S33: 10 | T33: =SUM(M33:S33) -> 95 | U33: =CONCATENATE(V33,W33) -> MODERADOMODERADO | V33: =IF(T33<86,"DÉBIL",IF(T33<96,"MODERADO","FUERTE")) -> MODERADO | W33: MODERADO | X33: =VLOOKUP(U33,REFERENCIAS!$R$12:$S$20,2,FALSE) -> 50 | Y33: =IF(X33=100,"NO","SI") -> SI | AK33: • Actualizar y desplegar el código de Integridad. | AL33: • Se actualiza el código de integridad y se continua con la divulgación y socialización de este.
E34: Fraude por Hurto de bienes de la entidad (dineros recaudados en la prestación de los servicios) | F34: Debido a la falta de controles en las áreas financieras y contables | G34: Economico y Reputacional | L34: • Aplicación del cuadre de caja según el reporte generado en el sistema, con registro de lo encontrado. En caso de inconsistencias, se solicita al cajero el faltante, o si es sobrante se consigna en la cuenta corriente definida para este fin | M34: 15 | N34: 15 | O34: 15 | P34: 10 | Q34: 15 | R34: 15 | S34: 10 | T34: =SUM(M34:S34) -> 95 | U34: =CONCATENATE(V34,W34) -> MODERADOFUERTE | V34: =IF(T34<86,"DÉBIL",IF(T34<96,"MODERADO","FUERTE")) -> MODERADO | W34: FUERTE | X34: =VLOOKUP(U34,REFERENCIAS!$R$12:$S$20,2,FALSE) -> 50 | Y34: =IF(X34=100,"NO","SI") -> SI | AK34: • Revisar tema de prefectura vs recibo de caja y datos para producción de recaudo. | AL34: • Se continua con el proceso de prefectura vs recibo de caja y datos para producción.
L35: • Aplicación de arqueos de caja menor, mínimo dos veces al año. En caso de faltantes se solicita al facturador el dinero. • caja menor 199 de2020 | M35: 15 | N35: 15 | O35: 15 | P35: 10 | Q35: 15 | R35: 15 | S35: 10 | T35: =SUM(M35:S35) -> 95 | U35: =CONCATENATE(V35,W35) -> MODERADOFUERTE | V35: =IF(T35<86,"DÉBIL",IF(T35<96,"MODERADO","FUERTE")) -> MODERADO | W35: FUERTE | X35: =VLOOKUP(U35,REFERENCIAS!$R$12:$S$20,2,FALSE) -> 50 | Y35: =IF(X35=100,"NO","SI") -> SI | AK35: • Arqueos a caja menor. | AL35: • Se continua con los arqueos a caja menor semestralmente.
L36: • Aplicación de arqueos de caja mensuales aleatorios, (política de operación por de recaudo). En caso de faltantes se solicita al facturador el dinero. | M36: 15 | N36: 15 | O36: 15 | P36: 10 | Q36: 15 | R36: 15 | S36: 10 | T36: =SUM(M36:S36) -> 95 | U36: =CONCATENATE(V36,W36) -> MODERADODÉBIL | V36: =IF(T36<86,"DÉBIL",IF(T36<96,"MODERADO","FUERTE")) -> MODERADO | W36: DÉBIL | X36: =VLOOKUP(U36,REFERENCIAS!$R$12:$S$20,2,FALSE) -> 0 | Y36: =IF(X36=100,"NO","SI") -> SI | AK36: • Arqueos aleatorios mensuales. | AL36: • Se continua con la tarea de arqueos aleatorios mensuales y en caso del faltante se revisa y de ser necesario se hace el cobro al facturar.
L37: • Realizar des confirmación y anulación de facturas por el coordinador de facturación de cuentas médicas, única persona con autorización y verificación por parte del Subgerente Administrativo. | M37: 15 | N37: 15 | O37: 15 | P37: 10 | Q37: 15 | R37: 15 | S37: 10 | T37: =SUM(M37:S37) -> 95 | U37: =CONCATENATE(V37,W37) -> MODERADOFUERTE | V37: =IF(T37<86,"DÉBIL",IF(T37<96,"MODERADO","FUERTE")) -> MODERADO | W37: FUERTE | X37: =VLOOKUP(U37,REFERENCIAS!$R$12:$S$20,2,FALSE) -> 50 | Y37: =IF(X37=100,"NO","SI") -> SI | AK37: • Documentar el procedimiento o validar en el procedimiento de facturación, y quien es el que autoriza. | AL37: • Se programa para el 2026.
E38: Fraude por Hurto de bienes de la entidad (Insumos hospitalarios y generales) | F38: A causa de la rotación del personal | G38: Economico y Reputacional | L38: Recepción administrativa: Verificación desde almacen, que lo solicitado a los proveedores es lo entregado en la ESE (orden vs insumo vs factura) en caso de inconsistencias requerir al proveedor. | M38: 15 | N38: 15 | O38: 15 | P38: 10 | Q38: 15 | R38: 15 | S38: 10 | T38: =SUM(M38:S38) -> 95 | U38: =CONCATENATE(V38,W38) -> MODERADOMODERADO | V38: =IF(T38<86,"DÉBIL",IF(T38<96,"MODERADO","FUERTE")) -> MODERADO | W38: MODERADO | X38: =VLOOKUP(U38,REFERENCIAS!$R$12:$S$20,2,FALSE) -> 50 | Y38: =IF(X38=100,"NO","SI") -> SI | AK38: Validación en el almacén | AL38: Se valida contra la orden de compra o factura y el lider del proceso tambien lo que entra
L39: Verificar que lo entregado en el servicio farmaceútico coincida con lo solicitado, en caso de inconsistencias, se informa a responsable en almacen para requerir al proveedor | M39: 15 | N39: 15 | O39: 15 | P39: 10 | Q39: 15 | R39: 15 | S39: 10 | T39: =SUM(M39:S39) -> 95 | U39: =CONCATENATE(V39,W39) -> MODERADOMODERADO | V39: =IF(T39<86,"DÉBIL",IF(T39<96,"MODERADO","FUERTE")) -> MODERADO | W39: MODERADO | X39: =VLOOKUP(U39,REFERENCIAS!$R$12:$S$20,2,FALSE) -> 50 | Y39: =IF(X39=100,"NO","SI") -> SI | AK39: recibo respectivo de entrega firmado por el reesponsable de la recepción en el servicio | AL39: Se valida contra la orden de compra o factura y el lider del proceso tambien valida
L40: Verificar que lo entregado en el servicio, se evidencia en el sistema y en el recibo respectivo de entrega firmado por el responsable de la recepción en el servicio | M40: 15 | N40: 15 | O40: 15 | P40: 10 | Q40: 15 | R40: 0 | S40: 10 | T40: =SUM(M40:S40) -> 80 | U40: =CONCATENATE(V40,W40) -> DÉBILMODERADO | V40: =IF(T40<86,"DÉBIL",IF(T40<96,"MODERADO","FUERTE")) -> DÉBIL | W40: MODERADO | X40: =VLOOKUP(U40,REFERENCIAS!$R$12:$S$20,2,FALSE) -> 0 | Y40: =IF(X40=100,"NO","SI") -> SI | AK40: validación de entrega en servicio | AL40: Pedidos semanales a través de dinámica y se firma por el funcionario
L41: Entrega de dosis 24 horas en hospitalización, con control de esta por parte del personal de farmacia y del servicio, con registro de entrega. Control de stock de medicamentos y dispositivos medicos en los servicios quincenalmente. En caso de faltantes y excedentes se realimenta al personal, se realiza la respectiva indagación en el servicio, en el caso de faltantes no justificados se solicita la reposición de los insumos al servicio famaceutico y se deriva a procesos disciplinarios para la respectiva investigación. | M41: 0 | N41: 0 | O41: 0 | P41: 10 | Q41: 0 | R41: 0 | S41: 10 | T41: =SUM(M41:S41) -> 20 | U41: =CONCATENATE(V41,W41) -> DÉBILMODERADO | V41: =IF(T41<86,"DÉBIL",IF(T41<96,"MODERADO","FUERTE")) -> DÉBIL | W41: MODERADO | X41: =VLOOKUP(U41,REFERENCIAS!$R$12:$S$20,2,FALSE) -> 0 | Y41: =IF(X41=100,"NO","SI") -> SI | AK41: Documentar el control | AL41: se encuentra documentado en un procedimiento y se registra en dinámica
L42: Verificación de la completa entrega de insumos hospitalarios en las devoluciones desde los servicios a farmacia. En caso de inconsistencias, solicitar la reposición al responsable del servicio | M42: 0 | N42: 0 | O42: 0 | P42: 10 | Q42: 0 | R42: 0 | S42: 10 | T42: =SUM(M42:S42) -> 20 | U42: =CONCATENATE(V42,W42) -> DÉBILMODERADO | V42: =IF(T42<86,"DÉBIL",IF(T42<96,"MODERADO","FUERTE")) -> DÉBIL | W42: MODERADO | X42: =VLOOKUP(U42,REFERENCIAS!$R$12:$S$20,2,FALSE) -> 0 | Y42: =IF(X42=100,"NO","SI") -> SI | AK42: en hospital funciona, en urg y ortopedia no se cumple fuerte | AL42: se hacen rondas de seguridad mensuales en los servicios para identificar sobre stock y proceder a devolución
A43: • Gestión jurídica: contratación y supervisión de contratos • Gestión financiera • Gestión recursos y logística • Atención en salud (servicio farmacéutico) | B43: 9 | C43: • Conflictos de Interés: Posibilidad de Intereses particulares y directos que se contraponen con asuntos relacionados con el control al cumplimiento legal o reglamentario de la entidad. | D43: CORRUPCIÓN | E43: Existe un interés particular del funcionario que podría influir en sus obligaciones como servidor público. | F43: • Debido a la falta de controles a la hora de contratar al personal. | G43: Economico y Reputacional | H43: 2 | I43: 4 | J43: =CONCATENATE(H43,I43) -> 24 | K43: =VLOOKUP(J43,REFERENCIAS!$L$12:$M$36,2,FALSE) -> Alto | L43: • Socialización Manual SICOFT donde se debe comunicar inmediatamente al oficial de cumplimiento y representante legal. | M43: 15 | N43: 15 | O43: 15 | P43: 15 | Q43: 15 | R43: 15 | S43: 10 | T43: =SUM(M43:S43) -> 100 | U43: =CONCATENATE(V43,W43) -> FUERTEMODERADO | V43: =IF(T43<86,"DÉBIL",IF(T43<96,"MODERADO","FUERTE")) -> FUERTE | W43: MODERADO | X43: =VLOOKUP(U43,REFERENCIAS!$R$12:$S$20,2,FALSE) -> 50 | Y43: =IF(X43=100,"NO","SI") -> SI | Z43: =IF(AVERAGE(X43:X50)<50,"DÉBIL",IF(AVERAGE(X43:X50)<100,"MODERADO","FUERTE")) -> DÉBIL | AA43: NO DISMINUYE | AB43: NO DISMINUYE | AC43: =CONCATENATE(Z43,AA43,AB43) -> DÉBILNO DISMINUYENO DISMINUYE | AD43: =VLOOKUP(AC43,REFERENCIAS!$X$11:$Z$19,2,FALSE) -> 0 | AE43: =VLOOKUP(AC43,REFERENCIAS!$X$11:$Z$19,3,FALSE) -> 0 | AF43: =IF(H43-AD43<1,1,H43-AD43) -> 2 | AG43: =IF(I43-AE43<1,1,I43-AE43) -> 4 | AH43: =CONCATENATE(AF43,AG43) -> 24 | AI43: =VLOOKUP(AH43,REFERENCIAS!$L$12:$M$36,2,FALSE) -> Alto | AJ43: EVITAR | AK43: • Socializar el instructivo de debida diligencia. | AL43: • Se capacita al personal de segunda línea de defensa en la realización de la debida diligencia.
E44: Actuaciones por fuera de los valores institucionales y lo definido en el Código de Integridad | F44: Debido a la falta de socialización y actualización del código de integridad | G44: Reputacional | L44: Capacitar en la inducción y reinducción del Código de integridad, Socializar y publicar los valores en la página WEB. | M44: 15 | N44: 15 | O44: 15 | P44: 15 | Q44: 15 | R44: 0 | S44: 10 | T44: =SUM(M44:S44) -> 85 | U44: =CONCATENATE(V44,W44) -> DÉBILMODERADO | V44: =IF(T44<86,"DÉBIL",IF(T44<96,"MODERADO","FUERTE")) -> DÉBIL | W44: MODERADO | X44: =VLOOKUP(U44,REFERENCIAS!$R$12:$S$20,2,FALSE) -> 0 | Y44: =IF(X44=100,"NO","SI") -> SI | AK44: • Socialización código de integridad. | AL44: • Se actualizo el Código de integridad y se programa capacitaciones y socializaciones trimestralmente a los funcionarios.
E45: Deficiencias en la adherencia al Manual de contratación | F45: Debido a la falta de actualización y socialización del manual de supervisión a los supervisores de los contratos | G45: Economico y Reputacional | L45: • Capacitar en el manual de contratación, manual de supervisión y aplicación lista de chequeo para documentos y publicación. | M45: 15 | N45: 15 | O45: 15 | P45: 10 | Q45: 15 | R45: 15 | S45: 10 | T45: =SUM(M45:S45) -> 95 | U45: =CONCATENATE(V45,W45) -> MODERADOMODERADO | V45: =IF(T45<86,"DÉBIL",IF(T45<96,"MODERADO","FUERTE")) -> MODERADO | W45: MODERADO | X45: =VLOOKUP(U45,REFERENCIAS!$R$12:$S$20,2,FALSE) -> 50 | Y45: =IF(X45=100,"NO","SI") -> SI | AK45: • Capacitaciones del manual de contratación y supervisión. | AL45: • Se programa actualización del manual de contratación y sus anexos(supervisión) para el año 2026.
E46: Deficiencias en la adherencia al Manual supervisión vigente | F46: Debido a la falta de actualización y socialización del manual de supervisión a los supervisores de los contratos | G46: Economico y Reputacional | L46: • Actualización del manual de supervisión | M46: 15 | N46: 15 | O46: 15 | P46: 10 | Q46: 15 | R46: 15 | S46: 10 | T46: =SUM(M46:S46) -> 95 | U46: =CONCATENATE(V46,W46) -> MODERADOFUERTE | V46: =IF(T46<86,"DÉBIL",IF(T46<96,"MODERADO","FUERTE")) -> MODERADO | W46: FUERTE | X46: =VLOOKUP(U46,REFERENCIAS!$R$12:$S$20,2,FALSE) -> 50 | Y46: =IF(X46=100,"NO","SI") -> SI
E47: Concentración de funciones que pueda interferir con la toma de decisiones del proceso | F47: Debido a la falta de personal | G47: Economico y Reputacional | L47: • Procedimientos actualizados, manual de funciones actualizado y desagregación de actividades | M47: 15 | N47: 15 | O47: 15 | P47: 10 | Q47: 15 | R47: 15 | S47: 10 | T47: =SUM(M47:S47) -> 95 | U47: =CONCATENATE(V47,W47) -> MODERADODÉBIL | V47: =IF(T47<86,"DÉBIL",IF(T47<96,"MODERADO","FUERTE")) -> MODERADO | W47: DÉBIL | X47: =VLOOKUP(U47,REFERENCIAS!$R$12:$S$20,2,FALSE) -> 0 | Y47: =IF(X47=100,"NO","SI") -> SI | AK47: • Actualización de procedimientos y manual de supervisión. | AL47: • Se viene programando trimestralmente actualización de procesos y procedimientos en las actividades del POA.
E48: Posible aplicación inadecuada u omisión de las normas relacionadas con el conflicto de interés. | F48: Debido a la falta de controles | G48: Economico y Reputacional | M48: 15 | N48: 15 | O48: 15 | P48: 10 | Q48: 15 | R48: 15 | S48: 10 | T48: =SUM(M48:S48) -> 95 | U48: =CONCATENATE(V48,W48) -> MODERADOFUERTE | V48: =IF(T48<86,"DÉBIL",IF(T48<96,"MODERADO","FUERTE")) -> MODERADO | W48: FUERTE | X48: =VLOOKUP(U48,REFERENCIAS!$R$12:$S$20,2,FALSE) -> 50 | Y48: =IF(X48=100,"NO","SI") -> SI
E49: Existe un interés económico del funcionario o de algún miembro de su familia en alguna empresa que tenga o busque beneficios propio o particular. | F49: Debido a la falta de controles | G49: Economico y Reputacional | L49: • Declaración de conflictos de intereses. | M49: 15 | N49: 15 | O49: 15 | P49: 10 | Q49: 15 | R49: 15 | S49: 10 | T49: =SUM(M49:S49) -> 95 | U49: =CONCATENATE(V49,W49) -> MODERADOMODERADO | V49: =IF(T49<86,"DÉBIL",IF(T49<96,"MODERADO","FUERTE")) -> MODERADO | W49: MODERADO | X49: =VLOOKUP(U49,REFERENCIAS!$R$12:$S$20,2,FALSE) -> 50 | Y49: =IF(X49=100,"NO","SI") -> SI | AK49: • Declaración por parte de los funcionarios | AL49: • Se actualiza la política de integridad, donde se incluye la política de conflicto de interese, igualmente se le solicita a todos los funcionarios la declaración de conflicto de intereses.
E50: La información reportada como parte de la medición, monitoreo, seguimiento, mejora y análisis de datos se encuentran a cargo de un único profesional , lo cual impide que se ejecute control sobre las decisiones tomadas y la información reportada | F50: Debido a la falta de personal | G50: Economico y Reputacional | L50: • Manuales de contratación, supervisión. Procesos y procedimientos. | M50: 15 | N50: 15 | O50: 15 | P50: 10 | Q50: 15 | R50: 0 | S50: 10 | T50: =SUM(M50:S50) -> 80 | U50: =CONCATENATE(V50,W50) -> DÉBILMODERADO | V50: =IF(T50<86,"DÉBIL",IF(T50<96,"MODERADO","FUERTE")) -> DÉBIL | W50: MODERADO | X50: =VLOOKUP(U50,REFERENCIAS!$R$12:$S$20,2,FALSE) -> 0 | Y50: =IF(X50=100,"NO","SI") -> SI | AK50: • Actualización de documentos. | AL50: • Se programa actualización del manual de contratación y sus anexos para el año 2026

Sheet TABLAS VALORACIÓN

Sheet VALORACION IMPACTO
B3: IMPACTO RIESGOS DE CORRUPCIÓN: posibilidad que una entidad presente desviaciones en los objetivos misionales de sus procesos como consecuencia de fraude y corrupción; posibilidad de que por acción u omisión, se use el poder para desviar la gestión de lo público hacia un beneficio privado.
A4: 1 | B4: Posibilidad de recibir o solicitar cualquier dádiva o beneficio a nombre propio o de terceros para afectar las liquidaciones de pagos o registrar dineros que no han ingresado a las cuentas bancarias, con el fin de beneficiar a un responsable del pago de los mismos. | F4: 2 | G4: Falta de veracidad o inexactitud en la información con destino a los grupos de interés, para beneficio de un tercero.
B5: N° | C5: Pregunta. Si el riesgo de corrupción se materializa podría… | D5: Si | E5: No | G5: N° | H5: Pregunta. Si el riesgo de corrupción se materializa podría… | I5: Si | J5: No
B6: 1 | C6: ¿Afectar al grupo de funcionarios del proceso? | D6: X | G6: 1 | H6: ¿Afectar al grupo de funcionarios del proceso? | I6: X
B7: 2 | C7: ¿Afectar el cumplimiento de metas y objetivos de la dependencia? | D7: X | G7: 2 | H7: ¿Afectar el cumplimiento de metas y objetivos de la dependencia? | I7: X
B8: 3 | C8: ¿Afectar el cumplimiento de misión de la Entidad? | D8: X | G8: 3 | H8: ¿Afectar el cumplimiento de misión de la Entidad? | J8: X
B9: 4 | C9: ¿Afectar el cumplimiento de la misión del sector al que pertenece la Entidad? | E9: X | G9: 4 | H9: ¿Afectar el cumplimiento de la misión del sector al que pertenece la Entidad? | J9: X
B10: 5 | C10: ¿Generar pérdida de confianza de la Entidad, afectando su reputación? | D10: X | G10: 5 | H10: ¿Generar pérdida de confianza de la Entidad, afectando su reputación? | I10: X
B11: 6 | C11: ¿Generar pérdida de recursos económicos? | D11: X | G11: 6 | H11: ¿Generar pérdida de recursos económicos? | I11: X
B12: 7 | C12: ¿Afectar la generación de los productos o la prestación de servicios? | D12: X | G12: 7 | H12: ¿Afectar la generación de los productos o la prestación de servicios? | J12: X
B13: 8 | C13: ¿Dar lugar al detrimento de calidad de vida de la comunidad por la pérdida del bien o servicios o los recursos públicos? | D13: X | G13: 8 | H13: ¿Dar lugar al detrimento de calidad de vida de la comunidad por la pérdida del bien o servicios o los recursos públicos? | J13: X
B14: 9 | C14: ¿Generar pérdida de información de la Entidad? | D14: X | G14: 9 | H14: ¿Generar pérdida de información de la Entidad? | J14: X
B15: 10 | C15: ¿Generar intervención de los órganos de control, de la Fiscalía, u otro ente? | D15: X | G15: 10 | H15: ¿Generar intervención de los órganos de control, de la Fiscalía, u otro ente? | I15: X
B16: 11 | C16: ¿Dar lugar a procesos sancionatorios? | D16: X | G16: 11 | H16: ¿Dar lugar a procesos sancionatorios? | I16: X
B17: 12 | C17: ¿Dar lugar a procesos disciplinarios? | D17: X | G17: 12 | H17: ¿Dar lugar a procesos disciplinarios? | I17: X
B18: 13 | C18: ¿Dar lugar a procesos fiscales? | D18: X | G18: 13 | H18: ¿Dar lugar a procesos fiscales? | I18: X
B19: 14 | C19: ¿Dar lugar a procesos penales? | D19: X | G19: 14 | H19: ¿Dar lugar a procesos penales? | I19: X
B20: 15 | C20: ¿Generar pérdida de credibilidad del sector? | D20: X | G20: 15 | H20: ¿Generar pérdida de credibilidad del sector? | J20: X
B21: 16 | C21: ¿Ocasionar lesiones físicas o pérdida de vidas humanas? | E21: X | G21: 16 | H21: ¿Ocasionar lesiones físicas o pérdida de vidas humanas? | J21: X
B22: 17 | C22: ¿Afectar la imagen regional? | E22: X | G22: 17 | H22: ¿Afectar la imagen regional? | J22: X
B23: 18 | C23: ¿Afectar la imagen nacional? | E23: X | G23: 18 | H23: ¿Afectar la imagen nacional? | J23: X
B24: 19 | C24: ¿Genera daño ambiental? | E24: X | G24: 19 | H24: ¿Genera daño ambiental? | J24: X
B25: Responder afirmativamente de UNA a CINCO pregunta(s) genera un impacto moderado. | D25: =COUNTIF(D6:D24,"X") -> 14 | E25: =COUNTIF(E6:E24,"X") -> 5 | G25: Responder afirmativamente de UNA a CINCO pregunta(s) genera un impacto moderado. | I25: =COUNTIF(I6:I24,"X") -> 9 | J25: =COUNTIF(J6:J24,"X") -> 10
B26: Responder afirmativamente de SEIS a ONCE preguntas genera un impacto mayor. | G26: Responder afirmativamente de SEIS a ONCE preguntas genera un impacto mayor.
B27: Responder afirmativamente de DOCE a DIECINUEVE preguntas genera un impacto catastrófico. | G27: Responder afirmativamente de DOCE a DIECINUEVE preguntas genera un impacto catastrófico.
A29: 3 | B29: Posibilidad de recibir o solicitar cualquier dádiva o beneficio a nombre propio o de terceros al manipular/incluir/extraer documentos a cualquier expediente en custodia del archivo. | F29: 4
B30: N° | C30: Pregunta. Si el riesgo de corrupción se materializa podría… | D30: Si | E30: No
B31: 1 | C31: ¿Afectar al grupo de funcionarios del proceso? | D31: X
B32: 2 | C32: ¿Afectar el cumplimiento de metas y objetivos de la dependencia? | D32: X
B33: 3 | C33: ¿Afectar el cumplimiento de misión de la Entidad? | E33: X
B34: 4 | C34: ¿Afectar el cumplimiento de la misión del sector al que pertenece la Entidad? | E34: X
B35: 5 | C35: ¿Generar pérdida de confianza de la Entidad, afectando su reputación? | D35: X
B36: 6 | C36: ¿Generar pérdida de recursos económicos? | D36: X
B37: 7 | C37: ¿Afectar la generación de los productos o la prestación de servicios? | D37: X
B38: 8 | C38: ¿Dar lugar al detrimento de calidad de vida de la comunidad por la pérdida del bien o servicios o los recursos públicos? | D38: X
B39: 9 | C39: ¿Generar pérdida de información de la Entidad? | D39: X
B40: 10 | C40: ¿Generar intervención de los órganos de control, de la Fiscalía, u otro ente? | D40: X
B41: 11 | C41: ¿Dar lugar a procesos sancionatorios? | D41: X
B42: 12 | C42: ¿Dar lugar a procesos disciplinarios? | D42: X
B43: 13 | C43: ¿Dar lugar a procesos fiscales? | D43: X
B44: 14 | C44: ¿Dar lugar a procesos penales? | D44: X
B45: 15 | C45: ¿Generar pérdida de credibilidad del sector? | E45: X
B46: 16 | C46: ¿Ocasionar lesiones físicas o pérdida de vidas humanas? | E46: X
B47: 17 | C47: ¿Afectar la imagen regional? | E47: X
B48: 18 | C48: ¿Afectar la imagen nacional? | E48: X
B49: 19 | C49: ¿Genera daño ambiental? | E49: X
B50: Responder afirmativamente de UNA a CINCO pregunta(s) genera un impacto moderado. | D50: =COUNTIF(D31:D49,"X") -> 12 | E50: =COUNTIF(E31:E49,"X") -> 7
B51: Responder afirmativamente de SEIS a ONCE preguntas genera un impacto mayor.
B52: Responder afirmativamente de DOCE a DIECINUEVE preguntas genera un impacto catastrófico.
A54: 5 | B54: Tráfico de influencias (amiguismo, persona influyente, clientelismo) SUPERVISION DE CONTRATOS | F54: 6 | G54: Extralimitación de funciones y/o concentración de autoridad o exceso de poder DIRECCIONAMIENTO ESTRATEGICO SISTEMAS DE INFORMACIÓN CONTRATACIÓN TALENTO HUMANO
B55: N° | C55: Pregunta. Si el riesgo de corrupción se materializa podría… | D55: Si | E55: No | G55: N° | H55: Pregunta. Si el riesgo de corrupción se materializa podría… | I55: Si | J55: No
B56: 1 | C56: ¿Afectar al grupo de funcionarios del proceso? | D56: X | G56: 1 | H56: ¿Afectar al grupo de funcionarios del proceso? | I56: X
B57: 2 | C57: ¿Afectar el cumplimiento de metas y objetivos de la dependencia? | D57: X | G57: 2 | H57: ¿Afectar el cumplimiento de metas y objetivos de la dependencia? | I57: X
B58: 3 | C58: ¿Afectar el cumplimiento de misión de la Entidad? | E58: X | G58: 3 | H58: ¿Afectar el cumplimiento de misión de la Entidad? | J58: X
B59: 4 | C59: ¿Afectar el cumplimiento de la misión del sector al que pertenece la Entidad? | E59: X | G59: 4 | H59: ¿Afectar el cumplimiento de la misión del sector al que pertenece la Entidad? | J59: X
B60: 5 | C60: ¿Generar pérdida de confianza de la Entidad, afectando su reputación? | D60: X | G60: 5 | H60: ¿Generar pérdida de confianza de la Entidad, afectando su reputación? | J60: X
B61: 6 | C61: ¿Generar pérdida de recursos económicos? | D61: X | G61: 6 | H61: ¿Generar pérdida de recursos económicos? | J61: X
B62: 7 | C62: ¿Afectar la generación de los productos o la prestación de servicios? | D62: X | G62: 7 | H62: ¿Afectar la generación de los productos o la prestación de servicios? | I62: X
B63: 8 | C63: ¿Dar lugar al detrimento de calidad de vida de la comunidad por la pérdida del bien o servicios o los recursos públicos? | E63: X | G63: 8 | H63: ¿Dar lugar al detrimento de calidad de vida de la comunidad por la pérdida del bien o servicios o los recursos públicos? | I63: X
B64: 9 | C64: ¿Generar pérdida de información de la Entidad? | E64: X | G64: 9 | H64: ¿Generar pérdida de información de la Entidad? | J64: X
B65: 10 | C65: ¿Generar intervención de los órganos de control, de la Fiscalía, u otro ente? | D65: X | G65: 10 | H65: ¿Generar intervención de los órganos de control, de la Fiscalía, u otro ente? | I65: X
B66: 11 | C66: ¿Dar lugar a procesos sancionatorios? | D66: X | G66: 11 | H66: ¿Dar lugar a procesos sancionatorios? | J66: X
B67: 12 | C67: ¿Dar lugar a procesos disciplinarios? | D67: X | G67: 12 | H67: ¿Dar lugar a procesos disciplinarios? | I67: X
B68: 13 | C68: ¿Dar lugar a procesos fiscales? | D68: X | G68: 13 | H68: ¿Dar lugar a procesos fiscales? | J68: X
B69: 14 | C69: ¿Dar lugar a procesos penales? | E69: X | G69: 14 | H69: ¿Dar lugar a procesos penales? | J69: X
B70: 15 | C70: ¿Generar pérdida de credibilidad del sector? | D70: X | G70: 15 | H70: ¿Generar pérdida de credibilidad del sector? | J70: X
B71: 16 | C71: ¿Ocasionar lesiones físicas o pérdida de vidas humanas? | E71: X | G71: 16 | H71: ¿Ocasionar lesiones físicas o pérdida de vidas humanas? | J71: X
B72: 17 | C72: ¿Afectar la imagen regional? | E72: X | G72: 17 | H72: ¿Afectar la imagen regional? | J72: X
B73: 18 | C73: ¿Afectar la imagen nacional? | E73: X | G73: 18 | H73: ¿Afectar la imagen nacional? | J73: X
B74: 19 | C74: ¿Genera daño ambiental? | E74: X | G74: 19 | H74: ¿Genera daño ambiental? | J74: X
B75: Responder afirmativamente de UNA a CINCO pregunta(s) genera un impacto moderado. | D75: =COUNTIF(D56:D74,"X") -> 10 | E75: =COUNTIF(E56:E74,"X") -> 9 | G75: Responder afirmativamente de UNA a CINCO pregunta(s) genera un impacto moderado. | I75: =COUNTIF(I56:I74,"X") -> 6 | J75: =COUNTIF(J56:J74,"X") -> 13
B76: Responder afirmativamente de SEIS a ONCE preguntas genera un impacto mayor. | G76: Responder afirmativamente de SEIS a ONCE preguntas genera un impacto mayor.
B77: Responder afirmativamente de DOCE a DIECINUEVE preguntas genera un impacto catastrófico. | G77: Responder afirmativamente de DOCE a DIECINUEVE preguntas genera un impacto catastrófico.
A79: 7 | B79: Cobro por realización de trámites (Concusión) TALENTO HUMANO CONTRATACION PRESTACION DEL SERVICIO
B80: N° | C80: Pregunta. Si el riesgo de corrupción se materializa podría… | D80: Si | E80: No
B81: 1 | C81: ¿Afectar al grupo de funcionarios del proceso? | D81: X
B82: 2 | C82: ¿Afectar el cumplimiento de metas y objetivos de la dependencia? | D82: X
B83: 3 | C83: ¿Afectar el cumplimiento de misión de la Entidad? | E83: X
B84: 4 | C84: ¿Afectar el cumplimiento de la misión del sector al que pertenece la Entidad? | E84: X
B85: 5 | C85: ¿Generar pérdida de confianza de la Entidad, afectando su reputación? | D85: X
B86: 6 | C86: ¿Generar pérdida de recursos económicos? | E86: X
B87: 7 | C87: ¿Afectar la generación de los productos o la prestación de servicios? | D87: X
B88: 8 | C88: ¿Dar lugar al detrimento de calidad de vida de la comunidad por la pérdida del bien o servicios o los recursos públicos? | E88: X
B89: 9 | C89: ¿Generar pérdida de información de la Entidad? | E89: X
B90: 10 | C90: ¿Generar intervención de los órganos de control, de la Fiscalía, u otro ente? | D90: X
B91: 11 | C91: ¿Dar lugar a procesos sancionatorios? | E91: X
B92: 12 | C92: ¿Dar lugar a procesos disciplinarios? | D92: X
B93: 13 | C93: ¿Dar lugar a procesos fiscales? | E93: X
B94: 14 | C94: ¿Dar lugar a procesos penales? | E94: X
B95: 15 | C95: ¿Generar pérdida de credibilidad del sector? | E95: X
B96: 16 | C96: ¿Ocasionar lesiones físicas o pérdida de vidas humanas? | E96: X
B97: 17 | C97: ¿Afectar la imagen regional? | E97: X
B98: 18 | C98: ¿Afectar la imagen nacional? | E98: X
B99: 19 | C99: ¿Genera daño ambiental? | E99: X
B100: Responder afirmativamente de UNA a CINCO pregunta(s) genera un impacto moderado. | D100: =COUNTIF(D81:D99,"X") -> 6 | E100: =COUNTIF(E81:E99,"X") -> 13
B101: Responder afirmativamente de SEIS a ONCE preguntas genera un impacto mayor.
B102: Responder afirmativamente de DOCE a DIECINUEVE preguntas genera un impacto catastrófico.
